 Dungeon Crawl Stone Soup version 0.31-a0-997-g9a2f3ffc92 (webtiles) character file.

Game seed: 17949573746839688937

2291799 MackTheKnife the Slayer (level 27, 214/214 HPs)
             Began as a Barachi Summoner on Nov 7, 2023.
             Was a High Priest of Hepliaklqana.
             Escaped with the Orb
             ... and 4 runes!
             The game lasted 03:47:20 (70450 turns).

MackTheKnife the Slayer (Barachi Summoner)         Turns: 70450, Time: 03:47:21

Health: 214/214    AC: 43    Str: 19 (20) XL:     27
Magic:  42/42      EV: 26    Int: 27      God:    Hepliaklqana [*****.]
Gold:   3133       SH: 11    Dex: 23 (24) Spells: 4/56 levels left

rFire   + + +        H - staff of Ravage {rElec rPois rF+ rC+ Stlth+ Poison, !astaff}
rCold   + + .        T - +3 buckler {rC+ rF+}
rNeg    . . .        y - +8 scale mail of Okuodepn {Rampage Str+7 Slay+3 Stlth-}
rPois   +            Z - +2 helmet {Int+3}
rElec   +            u - +4 dragonskin cloak
rCorr   .            W - +2 pair of gloves {Dex+3}
SInv    .            R - +3 pair of mountain boots {steadfast, rC+}
Will    ++++.        B - amulet of the Coward {RegenMP Int+5}
Stlth   +            f - ring "Okket" {rPois rF+ Will+ Int-3}
HPRegen 0.55/turn    J - ring of the Eye-covered God {Will+ AC+4 Int+2 Dex+2 Stlth-}
MPRegen 0.68/turn

%: rampage
@: studying Air Magic, slow
A: reduced essence, amphibious, slowness 1, strong legs 2, +LOS, cold
vulnerability 1
0: Orb of Zot
}: 4/15 runes: decaying, slimy, silver, gossamer
a: Hop, Renounce Religion, Recall Ancestor, Ancestor Identity, Transference,
Idealise


You escaped.
You worshipped Hepliaklqana.
Hepliaklqana was extremely pleased with you.
You visited 11 branches of the dungeon, and saw 53 of its levels.
You visited 1 bazaar.
You also visited: Bailey and Ice Cave.

You collected 8065 gold pieces.
You spent 4932 gold pieces at shops.


Innate Abilities, Weirdness & Mutations

Your life essence is reduced to manifest your ancestor. (-10% HP)
You are amphibious.
You cover ground slowly.
You can hop long distances.
You have an extended range of vision and can be seen from far away.
You are vulnerable to cold. (rC-)


   Skills:
 - Level 24.0 Fighting
 - Level 10.0(11.0) Short Blades
 - Level 8.1(10.7) Long Blades
 + Level 22.0 Armour
 - Level 22.0 Dodging
 - Level 8.0 Stealth
 - Level 10.0 Shields
 - Level 15.0 Spellcasting
 - Level 16.2 Conjurations
 - Level 5.0 Hexes
 - Level 16.0 Summonings
 - Level 8.0 Necromancy
 - Level 7.0 Transmutations
 - Level 18.8 Ice Magic
 - Level 8.6 Air Magic
 - Level 8.0 Earth Magic
 - Level 10.0 Invocations
 - Level 8.0 Evocations


You had 4 spell levels left.
You knew the following spells:

 Your Spells              Type           Power      Damage    Failure   Level
a - Borgnjor's Vile Clut  Necr/Erth      29%        N/A       5%          5
b - Spellforged Servitor  Conj/Summ      41%        N/A       6%          7
c - Bombard               Conj/Erth      36%        9d6       6%          6
f - Irradiate             Conj/Tmut      35%        3d23      1%          5
g - Freezing Cloud        Conj/Ice/Air   39%        6-21      1%          5
h - Ozocubu's Refrigerat  Ice            44%        4d17      1%          7
i - Yara's Violent Unrav  Hex/Tmut       25%        3d11      13%         5
j - Simulacrum            Ice/Necr       37%        N/A       3%          6
A - Animate Dead          Necr           59%        N/A       1%          4
P - Blink                 Tloc           40%        N/A       9%          2

Your spell library contained the following spells:

 Spells                   Type           Power      Damage    Failure   Level
 Summon Small Mammal      Summ           100%       N/A       0%          1
 Call Imp                 Summ           100%       N/A       0%          2
 Frozen Ramparts          Ice            100%       1d16      0%          3
 Hailstorm                Conj/Ice       86%        3d17      0%          3
 Ozocubu's Armour         Ice            89%        N/A       0%          3
 Foxfire                  Conj/Fire      100%       2x1d9     1%          1
 Kiss of Death            Conj/Necr      100%       2d13      1%          1
 Necrotise                Necr           100%       1d9       1%          1
 Shock                    Conj/Air       100%       1d9       1%          1
 Sting                    Tmut/Pois      100%       1d8       1%          1
 Cigotuvi's Dreadful Rot  Necr/Pois/Air  100%       N/A       1%          2
 Momentum Strike          Conj/Tloc      100%       3d10      1%          2
 Passwall                 Tmut/Erth      47%        N/A       1%          2
 Poisonous Vapours        Pois/Air       100%       N/A       1%          2
 Static Discharge         Conj/Air       100%       3-8/arc   1%          2
 Sublimation of Blood     Necr           59%        N/A       1%          2
 Wereblood                Tmut           55%        N/A       1%          2
 Call Canine Familiar     Summ           82%        N/A       1%          3
 Confusing Touch          Hex            47%        N/A       1%          3
 Dazzling Flash           Conj/Hex       100%       N/A       1%          3
 Sigil of Binding         Hex            47%        N/A       1%          3
 Stone Arrow              Conj/Erth      100%       3d13      1%          3
 Summon Guardian Golem    Hex/Summ       67%        N/A       1%          3
 Swiftness                Air            61%        N/A       1%          3
 Tukima's Dance           Hex            47%        N/A       1%          3
 Vampiric Draining        Necr           59%        2d10      1%          3
 Airstrike                Air            30%        2d(5-21)  1%          4
 Brom's Barrelling Bould  Conj/Erth      72%        2d9       1%          4
 Dispel Undead            Necr           59%        3d21      1%          4
 Flame Wave               Conj/Fire      59%        2d14      1%          4
 Fulminant Prism          Conj/Hex       33%        3d15      1%          4
 Iskenderun's Mystic Bla  Conj/Tloc      59%        2d12      1%          4
 Sticky Flame             Conj/Fire      59%        2d7       1%          4
 Summon Ice Beast         Ice/Summ       85%        N/A       1%          4
 Summon Lightning Spire   Summ/Air       72%        N/A       1%          4
 Petrify                  Tmut/Erth      57%        N/A       2%          4
 Leda's Liquefaction      Hex/Erth       26%        N/A       3%          4
 Apportation              Tloc           40%        N/A       5%          1
 Ignite Poison            Fire/Tmut/Pois 49%        N/A       6%          3
 Inner Flame              Hex/Fire       33%        N/A       6%          3
 Cause Fear               Hex            23%        N/A       7%          4
 Lesser Beckoning         Tloc           40%        N/A       9%          2
 Gell's Gravitas          Tloc           20%        N/A       16%         3
 Teleport Other           Tloc           20%        N/A       16%         3
 Volatile Blastmotes      Fire/Tloc      40%        2d13      16%         3
 Dimensional Bullseye     Hex/Tloc       16%        N/A       19%         4
 Manifold Assault         Tloc           20%        N/A       47%         4
 Olgreb's Toxic Radiance  Pois           30%        N/A       47%         4
 Passage of Golubria      Tloc           20%        N/A       47%         4
 Iskenderun's Battlesphe  Conj           83%        2d13      1%          5
 Metabolic Englaciation   Hex/Ice        35%        N/A       1%          5
 Conjure Ball Lightning   Conj/Air       36%        3x3d12    4%          6
 Agony                    Necr           59%        N/A       5%          5
 Fireball                 Conj/Fire      29%        3d13      5%          5
 Orb of Destruction       Conj           41%        9d11      6%          7
 Summon Hydra             Summ           41%        N/A       6%          7
 Silence                  Hex/Air        27%        N/A       10%         5
 Death Channel            Necr           29%        N/A       30%         6
 Starburst                Conj/Fire      29%        6d9       30%         6
 Haunt                    Necr/Summ      35%        N/A       32%         7
 Summon Horrible Things   Summ           41%        N/A       45%         8
 Plasma Beam              Fire/Air       21%        2x1d33    82%         6
 Lehudib's Crystal Spear  Conj/Erth      36%        10d9      94%         8
 Dispersal                Tloc           10%        N/A       100%        6
 Borgnjor's Revivificati  Necr           29%        N/A       100%        8
 Discord                  Hex            23%        N/A       100%        8
 Disjunction              Tloc           10%        N/A       100%        8
 Ignition                 Fire           10%        3d5       100%        8
 Infestation              Necr           29%        N/A       100%        8
 Maxwell's Capacitive Co  Air            30%        โˆž       100%        8
 Chain Lightning          Conj/Air       36%        3d48      100%        9
 Death's Door             Necr           29%        N/A       100%        9
 Dragon's Call            Summ           41%        N/A       100%        9
 Fire Storm               Conj/Fire      29%        8d8       100%        9
 Shatter                  Erth           29%        3d24*     100%        9

Inventory:

Hand Weapons
 a - the +12 rapier of Vodka {holy, *Rage Fly Int+4 SInv, short}
   (You found it on level 2 of the Lair of Beasts)

   Int+4:     It affects your intelligence (+4).
   SInv:      It lets you see invisible.
   Fly:       It grants you flight.
   *Rage:     It berserks you when you make melee attacks (+20% chance).
 b - the +6 falchion of Vocikicu {venom, rElec Will+, long}
   (You took it off a deep elf demonologist on level 3 of the Elven Halls)

   rElec:     It insulates you from electricity.
   Will+:     It increases your willpower.
 C - the +5 long sword of Instant Death {drain, +Blink rCorr SInv, long}
   (You bought it in a shop on level 1 of the Orcish Mines)

   SInv:      It lets you see invisible.
   +Blink:    It lets you blink.
   rCorr:     It protects you from acid and corrosion.
Armour
 u - the +4 dragonskin cloak (worn)
   (You took it off Tiamat on level 4 of the Realm of Zot)

   Avatar's Aegis: It grants the wearer a chance to resist fire, cold, poison,
   electricity, acid, and negative energy.
 y - the +8 scale mail of Okuodepn (worn) {Rampage Str+7 Slay+3 Stlth-}
   (You found it on level 1 of the Elven Halls)

   Str+7:     It affects your strength (+7).
   Slay+3:    It affects your accuracy & damage with ranged weapons and melee
   (+3).
   Rampage:   It bestows one free step when moving towards enemies.
   Stlth-:    It makes you less stealthy.
 R - the +3 pair of mountain boots (worn) {steadfast, rC+}
   (You found it on level 3 of the Elven Halls)

   Steadfast: It prevents involuntary movement, except for blinking,
   teleportation, or banishment.
   rC+:       It protects you from cold.
 T - a +3 buckler of resistance (worn)
   (You took it off a tengu reaver on level 5 of the Vaults)
 W - a +2 pair of gloves of dexterity (worn)
   (You bought it in a shop on level 5 of the Dungeon)
 Z - a +2 helmet of intelligence (worn)
   (You found it on level 14 of the Dungeon)
Magical Staves
 H - the staff of Ravage (weapon) {rElec rPois rF+ rC+ Stlth+ Poison, !astaff}
   (You found it on level 5 of the Pits of Slime)

   [staff of poison]

   Base accuracy: +5 Base damage: 5 Base attack delay: 1.2 This weapon's minimum
   attack delay (0.6) is reached at skill level 12.
   rF+:       It protects you from fire.
   rC+:       It protects you from cold.
   rElec:     It insulates you from electricity.
   rPois:     It protects you from poison Stlth+: It makes you more stealthy.
   Poison:    It increases the power of your Poison spells.
   It falls into the 'Staves' category.
   It is a one-handed weapon.
Jewellery
 f - the ring "Okket" (left hand) {rPois rF+ Will+ Int-3}
   (You took it off a vault guard on level 5 of the Vaults)

   [ring of poison resistance]

   Int-3:     It affects your intelligence (-3).
   rF+:       It protects you from fire.
   rPois:     It protects you from poison Will+: It increases your willpower.
 B - the amulet of the Coward (around neck) {RegenMP Int+5}
   (You found it on level 13 of the Dungeon)

   [amulet of magic regeneration]

   RegenMP:   It increases your rate of magic regeneration.
   Int+5:     It affects your intelligence (+5).
 J - the ring of the Eye-covered God (right hand) {Will+ AC+4 Int+2 Dex+2 Stlth-}
   (You found it on level 5 of the Pits of Slime)

   [ring of protection]

   AC+4:      It affects your AC (+4).
   Int+2:     It affects your intelligence (+2).
   Dex+2:     It affects your dexterity (+2).
   Will+:     It increases your willpower.
   Stlth-:    It makes you less stealthy.
 O - the amulet of Fetel {Reflect rPois rF+ Int+3 SH+5}
   (You found it on level 5 of the Pits of Slime)

   [amulet of reflection]

   Reflect:   It reflects blocked missile attacks.
   Int+3:     It affects your intelligence (+3).
   rF+:       It protects you from fire.
   rPois:     It protects you from poison SH+5: It affects your SH (+5).
Wands
 j - a wand of mindburst (33)
   (You found it on level 2 of the Lair of Beasts)
 k - a wand of charming (35)
   (You took it off Lodul on level 10 of the Dungeon)
 w - a wand of polymorph (38)
   (You took it off Ijyb on level 4 of the Dungeon)
 x - a wand of flame (83)
   (You took it off an orc on level 4 of the Dungeon)
 E - a wand of roots (35)
   (You found it on level 6 of the Dungeon)
 I - a wand of digging (14)
   (You found it on level 5 of the Lair of Beasts)
 L - a wand of acid (24)
   (You found it on level 8 of the Dungeon)
Scrolls
 e - 2 scrolls of enchant armour
 g - 3 scrolls of fog
 n - 3 scrolls of brand weapon
 q - 2 scrolls of silence {!r}
 r - 6 scrolls of blinking {!r}
 s - 9 scrolls of poison {!r}
 t - 18 scrolls of teleportation {@r4}
 G - 5 scrolls of vulnerability {!r!r}
 Q - a scroll of amnesia
 U - 6 scrolls of fear
 V - 4 scrolls of summoning
 X - 7 scrolls of immolation {!r!r}
Potions
 d - 6 potions of magic
 h - 3 potions of cancellation
 i - 8 potions of heal wounds {@q2}
 l - 10 potions of might
 o - 13 potions of curing {@q1}
 p - 5 potions of enlightenment
 v - 6 potions of brilliance
 F - 6 potions of resistance
 N - 4 potions of mutation {!q}
 P - 6 potions of haste {@q3}
 S - 7 potions of ambrosia
 Y - 2 potions of invisibility
Miscellaneous
 m - a sack of spiders
   (You found it on level 5 of the Vaults)
 A - a tin of tremorstones (2/2) {throwing}
   (You bought it in a shop on level 14 of the Dungeon)
 D - a phantom mirror
   (You found it on level 2 of the Orcish Mines)
 K - a phial of floods (inert)
   (You found it in an ice cave)
 M - a lightning rod (4/4)
   (You found it on level 5 of the Vaults)

Dungeon Overview and Level Annotations

Branches:
Dungeon (15/15)            Temple (1/1) D:5            Lair (5/5) D:11
  Swamp (4/4) Lair:2       Spider (4/4) Lair:2        Slime (5/5) Lair:5
    Orc (2/2) D:12            Elf (3/3) Orc:2        Vaults (5/5) D:14
  Crypt (0/3) Vaults:3     Depths (4/4) D:15            Zot (5/5) Depths:4
 Bailey (visited)           IceCv (visited)

Altars:
Ashenzari
Cheibriados
Dithmenos
Elyvilon
Fedhas
Gozag
Hepliaklqana
Kikubaaqudgha
Makhleb
Nemelex Xobeh
Okawaru
Qazlal
Ru
Sif Muna
Trog
Uskayaw
Vehumet
Wu Jian
Xom
Yredelemnul
Zin
The Shining One
Jiyva
Lugonu

Shops:
D:1 =   D:3 *   D:5 [   D:7 !   D:8 [   D:14 *   D:15 :   Orc:1 (   Orc:2 [??:

Portals:
Hell: Depths:1 Depths:2 Depths:3 Depths:4
Abyss: Lair:5 Swamp:1 Swamp:2 Depths:1 Depths:3 Depths:4
Pandemonium: Depths:2
Ziggurat: Depths:1

Annotations:
D:3 exclusion: downstairs
Swamp:2 2 transporters, Tenar's ghost, adept DgHu
Spider:3 exclusion: 3 downstairs
Spider:4 Hun Mipn's ghost, adept DERe; Rimnyil's ghost, adept DsBe; Vivoseh's ghost, journeyman DsSh; Xirhei's ghost, adept AtWn
Elf:1 3 runed translucent doors
Elf:2 2 runed translucent doors
Zot:5 1 exclusion

......#.# #.......# ......#.#
###..####.# ......#.#
#....##.#.### ......#.#
#.##..#.....####
......#.#####.###.#.#.#.##.###
.######.....รท.# #...#.#.##.#.#
.#################..#....#...##
.................#..###.......#
......##...##..9@#..# #..#.#.##
...............R.#..# #..#.#.#
..################..# #....#.#
#....รท.## #...[# ########
######..#### #....#
#######....#####....#
............##......#
.............>.#....##
...............#.....#


You could see the friendly Tenoch the battlemage and a friendly spellforged
servitor (summoned).


Message History

You climb upwards.
There is a stone staircase leading down here.
An Ice Fiend comes into view.
Unknown command.
Casting: Bombard (mildly dangerous; 6% risk of failure)
Confirm with . or Enter, or press ? or * to list all spells.
You summon a servant imbued with your destructive magic! ๐Ÿ˜Ž MP[-6]
You lost 6 mp, and now have 36/42 mp.
Unknown command.
Casting: Spellforged Servitor (dangerous; 6% risk of failure)
Confirm with . or Enter, or press ? or * to list all spells.
Aiming: Borgnjor's Vile Clutch (mildly dangerous; 5% risk of failure)
Press: ? - help, Shift-Dir - straight line, f - Ice Fiend
Aim: an Ice Fiend (ally target, 100% to hit)
Zombie hands grab the Ice Fiend.
The zombie hands constrict the Ice Fiend, but do no damage.
Tenoch hits the Ice Fiend with a +0 lajatang of freezing!!
You block the Ice Fiend's attack.
The Ice Fiend completely misses you. ๐Ÿ˜Ž MP[-5]
You lost 5 mp, and now have 31/42 mp.
Unknown command.
The zombie hands constrict the Ice Fiend, but do no damage.
Tenoch gestures wildly while chanting.
Tenoch seems to speed up.
You block the Ice Fiend's attack. The Ice Fiend barely misses you.
Your spellforged servitor gestures at the Ice Fiend while chanting.
The iron shot hits the Ice Fiend!
Unknown command. ๐Ÿ˜Ž MP[+1]
The zombie hands constrict the Ice Fiend, but do no damage.
Tenoch hits the Ice Fiend with a +0 lajatang of freezing!!
The Ice Fiend struggles to escape constriction.
Tenoch hits the Ice Fiend with a +0 lajatang of freezing!!!
The Ice Fiend dies!
You feel your dexterity returning.
Your Armour skill increases to level 22! ๐Ÿ˜Ž MP[+1] Unknown command. ๐Ÿ˜Ž MP[+1] ๐Ÿ˜Ž MP[+1]
An orange demon and 2 sixfirhies come into view. ๐Ÿ˜Ž MP[+5]
You regained 5 mp, and now have 40/42 mp.
You can't go up here!
The orange demon screeches!
Tenoch gestures at the sixfirhy while chanting.
The bolt of magma hits the sixfirhy!!
There is a stone staircase leading up, spattered with blood here. ๐Ÿ˜Ž MP[+1] Tenoch gestures at the sixfirhy while chanting.
The crystal spear hits the sixfirhy!!!
The sixfirhy dies!
You climb upwards.
Your summoned ally is left behind.
Level annotation: exclusion: downstairs
There is a stone staircase leading down here.
Unknown command. ๐Ÿ˜Ž MP[+1]
Your mp is fully restored (42).
What level of the Dungeon? (default 4, ? - help)
There is an open door here.
You see here a +0 club {mace}.
There is a stone staircase leading up here.
You climb upwards.
There is a stone staircase leading down here.
There is a stone staircase leading up here.
You climb upwards.
There is a stone staircase leading down here.
There is an open door here.
A hellwing comes into view.
You block the hellwing's attack. The hellwing closely misses you.
You block the hellwing's attack. The hellwing closely misses you.
Casting: Borgnjor's Vile Clutch (mildly dangerous; 5% risk of failure)
Confirm with . or Enter, or press ? or * to list all spells.
You summon a servant imbued with your destructive magic!
You block the hellwing's attack. The hellwing misses you. ๐Ÿ˜Ž MP[-6]
You lost 6 mp, and now have 36/42 mp.
Tenoch is recalled.
The hellwing hits you but does no damage.
You block the hellwing's attack. ๐Ÿ˜Ž MP[-2]
You lost 2 mp, and now have 34/42 mp.
Tenoch hits the hellwing with a +0 lajatang of freezing!!
Tenoch freezes the hellwing.
Your spellforged servitor gestures at the hellwing while chanting.
The iron shot hits the hellwing!!
The hellwing dies!
Your spellforged servitor is knocked back by the blast. ๐Ÿ˜Ž MP[+1] ๐Ÿ˜Ž MP[+1] ๐Ÿ˜Ž MP[+1] ๐Ÿ˜Ž MP[+1] ๐Ÿ˜Ž MP[+1] ๐Ÿ˜Ž MP[+1] ๐Ÿ˜Ž MP[+1] ๐Ÿ˜Ž MP[+1]
Your mp is fully restored (42).
There is a staircase leading out of the dungeon here.
You have escaped!

Skill      XL: |  1  2  3  4  5  6  7  8  9 10 11 12 13 14 15 16 17 18 19 20 21 22 23 24 25 26 27 |
---------------+----------------------------------------------------------------------------------+-----
Fighting       | 1 2 3 4 6 9 10 12 14 16 17 18 20 22 24 | 24.0
Stealth        | 2 3 4 8 |  8.0
Summonings     | 5 6 7 8 10 12 16 | 16.0
Dodging        | 3 4 6 9 10 12 13 14 16 19 20 21 22 | 22.0
Hexes          | 2 3 4 5 |  5.0
Evocations     | 2 3 4 6 7 8 |  8.0
Spellcasting   | 3 4 6 8 9 10 12 14 15 | 15.0
Armour         | 3 8 14 17 18 22 | 22.0
Air Magic      | 4 8 |  8.6
Shields        | 8 10 | 10.0
Invocations    | 2 6 7 8 10 | 10.0
Long Blades    | 3 6 8 |  8.1
Short Blades   | 8 9 10 | 10.0
Conjurations   | 7 8 10 13 16 | 16.2
Transmutations | 7 |  7.0
Ice Magic      | 2 10 15 18 | 18.8
Necromancy     | 6 8 |  8.0
Earth Magic    | 7 8 |  8.0

Action                     |  1- 3 |  4- 6 |  7- 9 | 10-12 | 13-15 | 16-18 | 19-21 | 22-24 | 25-27 || total
---------------------------+-------+-------+-------+-------+-------+-------+-------+-------+-------++-------
  Melee: Unarmed           |     9 |       |       |       |       |       |       |       |       ||     9
         Mace              |     4 |       |       |       |       |       |       |       |       ||     4
         Trident           |    73 |    20 |       |       |       |       |       |       |       ||    93
         Punch             |     1 |     1 |       |       |       |       |       |       |       ||     2
         Dagger            |       |    23 |    71 |   135 |    20 |       |       |       |       ||   249
         Rapier            |       |       |       |       |   369 |   253 |   331 |    60 |       ||  1013
         Scimitar          |       |       |       |       |       |       |    11 |       |       ||    11
         Falchion          |       |       |       |       |       |       |       |   272 |   104 ||   376
         Long sword        |       |       |       |       |       |       |       |       |    31 ||    31
         Staff             |       |       |       |       |       |       |       |       |    34 ||    34
   Cast: Summon Small Mamm |    19 |    10 |     2 |     2 |     3 |     1 |       |       |       ||    37
         Call Imp          |    19 |    14 |    17 |     5 |     6 |     1 |       |       |       ||    62
         Call Canine Famil |       |    11 |    55 |    38 |    63 |    24 |     5 |       |       ||   196
         Summon Guardian G |       |     2 |    20 |    28 |    38 |    15 |       |       |       ||   103
         Summon Lightning  |       |       |     4 |    53 |    94 |    28 |     5 |       |       ||   184
         Freezing Cloud    |       |       |       |       |       |    48 |    41 |    10 |    15 ||   114
         Ozocubu's Refrige |       |       |       |       |       |   229 |   183 |   294 |   122 ||   828
         Yara's Violent Un |       |       |       |       |       |     8 |     5 |     4 |     3 ||    20
         Simulacrum        |       |       |       |       |       |       |    20 |     2 |     5 ||    27
         Animate Dead      |       |       |       |       |       |       |    15 |     6 |     4 ||    25
         Borgnjor's Vile C |       |       |       |       |       |       |       |    38 |    93 ||   131
         Bombard           |       |       |       |       |       |       |       |       |    16 ||    16
         Spellforged Servi |       |       |       |       |       |       |       |       |    77 ||    77
         Irradiate         |       |       |       |       |       |       |       |       |     2 ||     2
 Invoke: Recall Ancestor   |       |       |     6 |    26 |    18 |    10 |     8 |     9 |    16 ||    93
         Ancestor Life: Ba |       |       |       |     1 |       |       |       |       |       ||     1
         Idealise          |       |       |       |     1 |     2 |     5 |     9 |     7 |    11 ||    35
Ability: Hop               |       |       |     3 |     5 |     3 |     3 |     5 |     3 |     9 ||    31
  Evoke: Wand              |       |       |     7 |    17 |    12 |     4 |    16 |     5 |     8 ||    69
         Phantom mirror    |       |       |       |       |     1 |     3 |     1 |     1 |     2 ||     8
         Tin of tremorston |       |       |       |       |       |     1 |     4 |       |     2 ||     7
         Sack of spiders   |       |       |       |       |       |       |       |       |     2 ||     2
         Lightning rod     |       |       |       |       |       |       |       |       |     9 ||     9
         Phial of floods   |       |       |       |       |       |       |       |       |     1 ||     1
    Use: Scroll            |       |     2 |     6 |     8 |    15 |     7 |     7 |     7 |    12 ||    64
         Potion            |       |       |       |     3 |     1 |     2 |     3 |     5 |    25 ||    39
   Stab: Distracted        |     1 |       |       |     1 |    18 |     2 |    11 |    13 |     8 ||    54
         Sleeping          |     4 |     3 |       |     2 |       |     4 |     1 |       |       ||    14
         Betrayed ally     |       |       |       |       |       |     2 |       |       |       ||     2
         Invisible         |       |       |       |       |       |       |       |       |     2 ||     2
 Armour: Robe              |     3 |       |       |       |       |    46 |    11 |     6 |       ||    66
         Leather armour    |    37 |    23 |    68 |    98 |   114 |    56 |       |       |       ||   396
         Scale mail        |       |       |     7 |       |       |       |       |   264 |   298 ||   569
         Swamp dragon scal |       |       |       |       |       |    39 |   153 |       |       ||   192
  Dodge: Dodged            |    40 |    24 |    78 |   112 |   249 |   206 |   289 |   294 |   322 ||  1614
  Block: Buckler           |       |       |       |    35 |   114 |    90 |   164 |   163 |   186 ||   752

Levels and vault maps discovered:
D:1:      wheals_arrival_shading, layout_basic, serial_shops,
          nicolae_shop_pleasant_corner_grove
D:2:      layout_basic, amcnicky_mini_corridor_feature
D:3:      layout_loops_corners, serial_shops, nicolae_shop_rolling_square,
          basic_ecumenical_altar
D:4:      layout_rooms, marbit_many_paths, uniq_ijyb, uniq_blork_the_orc
D:5:      layout_basic, mainiacjoe_overflow_tiny_flanked,
          mainiacjoe_overflow_brackets, temple_statues, serial_shops, shop
D:6:      kennysheep_windowed_halls, layout_basic, tso_altar,
          dreamdust_mushroom_princess
D:7:      layout_loops_cross, elyvilon_altar_3, serial_bayou,
          serial_bayou_pond_e, serial_bayou_lagoon_a, serial_bayou_shore_b,
          serial_bayou_shore_b, enter_bailey_2, serial_shops, shop,
          corner_web_ring, uniq_prince_ribbit1
D:8:      layout_basic, mainiacjoe_overflow_alcove_2, lemuel_round_altar,
          lemuel_doored_altar, serial_shops, nicolae_diamond_shop
D:9:      layout_loops_ring, lightli_church_of_beogh, uniq_harold, uniq_erolcha,
          uniq_joseph
D:10:     layout_loops_ring, mainiacjoe_overflow_paths, kennysheep_donut,
          uniq_grum, uniq_lodul, uniq_maurice
D:11:     layout_basic, dpeg_lair_monsters
D:12:     layout_cave_pools, gammafunk_ghost_hydra_chop
D:13:     layout_irregular_city, hangedman_decor_clover_reticule, uniq_azrael
D:14:     layout_rooms, lightli_vaults_fourway_checkpoint,
          biasface_ghost_orc_armoury, portal_ice_cave_entry_ugly_swarm,
          guppyfry_shop_earth
D:15:     grunt_enter_depths_snipers, layout_basic, ebering_ghost_gozag,
          corexii_hall_statues_l, nicolae_shop_vocational
Temple:   nicolae_temple_god_jail
Lair:1:   dreamdust_labyrinth, layout_regular_city, st_stairs_11,
          chequers_serial_rivers_small_b
Lair:2:   layout_cave_pods, swamp_mist, spider_nest_entry_rubble, minivault_24,
          cheibrodos_lair_reptile_den
Lair:3:   layout_gridlike
Lair:4:   layout_regular_city
Lair:5:   hellmonk_lair_end_abyssal_woods, layout_concentric_octagons,
          nicolae_slime_entry_field_trip, uniq_kirke
Swamp:1:  layout_falls_marsh, wheals_swamp_sinkhole, swamp_pool_1_2,
          amcnicky_altar_lugonu_corruption
Swamp:2:  layout_falls_marsh, gammafunk_ghost_abyssal_escape,
          evilmike_swamp_ruin_house_5, swamp_pool_1_2
Swamp:3:  layout_falls_marsh, nicolae_swamp_stuck_in_the_mud, uniq_nikola,
          uniq_donald
Swamp:4:  swamp_fiery, layout_basic_swamp
Spider:1: layout_chambers, nicolae_spider_bug_shape, uniq_jorgrun,
          uniq_mlioglotl
Spider:2: nicolae_spider_jumping_over_cracks [nicolae_spider_jumping_sub_moat,
          nicolae_spider_jumping_sub_shuffled, nicolae_spider_jumping_sub_moat,
          nicolae_spider_jumping_sub_offset]
Spider:3: layout_cave_pods, einodemon_crawler_minivault
Spider:4: spider_rune_water, gammafunk_ghost_cemetery,
          nicolae_spider_wall_of_niches
Slime:1:  layout_caves
Slime:2:  layout_caves, cheibrodos_slime_lost_civilization_7
Slime:3:  layout_caves
Slime:4:  layout_caves
Slime:5:  slime_pit_nicolae_royal_road_to_ruin
Orc:1:    layout_caves, serial_shops, nicolae_shop_back_alley_shop
Orc:2:    pubby_orc_utopia, serial_shops
Elf:1:    minmay_the_grid_triangle_9x9_recursive_3_mashed
          [minmay_the_grid_triangle_9x9_dagger,
          minmay_the_grid_triangle_9x9_steps,
          minmay_the_grid_triangle_9x9_subtriangle,
          minmay_the_grid_triangle_9x9_prize_insulated,
          minmay_the_grid_triangle_9x9_sprig,
          minmay_the_grid_triangle_9x9_tough_junction,
          minmay_the_grid_triangle_9x9_fully_insulated_deathbox,
          minmay_the_grid_triangle_9x9_limited_checkers,
          minmay_the_grid_triangle_9x9_empty], layout_loops_corners,
          minmay_elf_necromancy
Elf:2:    nicolae_elf_blades_splatter_lattice
          [nicolae_blade_entry_splitting_headache], layout_gridlike,
          serial_shops, bzr_entry_lakeside, minivault_4, uniq_louise
Elf:3:    grunt_elf_hall_branching, layout_loops_corners,
          amcnicky_mini_pool_small
Vaults:1: nicolae_vaults_house_2, vaults_room_fancy_cross,
          nicolae_vaults_network_s, ontoclasm_vaults_gateway,
          hangedman_vaults_stitches, dpeg_vaults_monster_box, v_misc_22,
          vaults_dpeg_emergency_exit, vaults_room_grunt_arrival_ludios,
          nicolae_vaults_trapezoid_1, nicolae_vaults_security_offices_1,
          nicolae_vaults_cornered_office, nicolae_vaults_three_branches,
          nicolae_vaults_double_plus_1, ontoclasm_vaults_claustrophobia,
          nicolae_vaults_trapezoid_lopsided_1, layout_vaults_omnicross,
          uniq_saint_roka
Vaults:2: v_misc_33, nicolae_vaults_variable_pillar_hall_cross,
          nicolae_vaults_hallways_thing, nicolae_vaults_network_square,
          nicolae_vaults_big_ls, nicolae_vaults_holding_cells, v_misc_29,
          nicolae_vaults_mini_display_case, vaults_dpeg_encased_lava,
          layout_vaults_omnibox, uniq_aizul
Vaults:3: nicolae_vaults_alarming, nicolae_vaults_windows_and_doors_thing,
          nicolae_vaults_heart-shaped_vault, nicolae_vaults_ring_of_whatevers,
          ontoclasm_vaults_tryst, v_misc_9, minmay_crypt_entry_simple_sparse,
          nicolae_vaults_cochlea, nicolae_vaults_little_squares_5,
          nicolae_vaults_tangram_1, v_alt_pattern_5,
          nicolae_vaults_trapezoid_lopsided_2, nicolae_vaults_murder_corner,
          hangedman_vaults_stretched_pinwheel,
          serial_library_hellmonk_open_cross, layout_vaults_maze
Vaults:4: st_quartered_hall, hangedman_vaults_corner_blocks,
          nicolae_vaults_storage_room_doors, nicolae_vaults_trapezoid_1,
          hangedman_vaults_river_flow,
          nicolae_vaults_variable_pillar_hall_cross, v_pattern_2,
          layout_vaults_quadrants, uniq_zenata
Vaults:5: serial_shops
Depths:1: layout_cave_shapes, enter_ziggurat_b, abyss_entry, hellmouth_2,
          okawaru_ov_weapons_minmay, kennysheep_doodads,
          nicolae_uskayaw_en_pointe
Depths:2: kennysheep_blocky_hall, layout_basic, grunt_pan_entry_in_and_out,
          hangedman_coc_ice_floe, uniq_asterion
Depths:3: kennysheep_four_of_diamonds, layout_cave_pools, moated_statue,
          hell_entry, abyss_entry, st_stairs_7
Depths:4: evilmike_zot_entry_hall, layout_cave_pools, abyss_entry, hell_entry,
          serial_library_regret_index_branch_corner,
          hangedman_abyss_or_decor_slice, worldfamousw_hep_ancestral_shrine
Zot:1:    layout_gridville, skrybe_zot_glass_2
Zot:2:    hellmonk_crystal_mountain, layout_cathedral_of_symmetry,
          regret_index_zotdec_magical_s, regret_index_zotdec_misc_clamp,
          grunt_ministairs_14, nicolae_rock_paper_scissors
Zot:3:    layout_concentric_octagons, grunt_megastairs_2
Zot:4:    layout_onion, regret_index_zotdec_split_disrupt, hellmonk_zot_clocked,
          uniq_tiamat
Zot:5:    layout_twisted_circle, st_stairs_11

Notes
Turn   | Place    | Note
-------+----------+-------------------------------------------
     0 | D:1      | MackTheKnife the Barachi Summoner began the quest for the
                  | Orb.
     0 | D:1      | Reached XP level 1. HP: 13/13 MP: 3/3
     0 | D:1      | magus.rc [v1.9.6]
    87 | D:1      | Reached skill level 1 in Fighting
    87 | D:1      | Reached skill level 2 in Stealth
   249 | D:1      | Reached XP level 2. HP: 20/21 MP: 0/5
   252 | D:1      | Learned a level 2 spell: Call Imp
   664 | D:1      | Reached skill level 2 in Fighting
   733 | D:1      | Reached skill level 5 in Summonings
   871 | D:1      | Reached XP level 3. HP: 27/27 MP: 3/6
   932 | D:1      | Learned a level 3 spell: Call Canine Familiar
   962 | D:1      | Found Onir's Jewellery Shop.
  1290 | D:2      | You pick up a book of Blasting and begin reading...
  1290 | D:2      | You add the spells Volatile Blastmotes, Fulminant Prism and
                  | Iskenderun's Mystic Blast to your library.
  1683 | D:2      | Reached skill level 6 in Summonings
  1779 | D:2      | Reached XP level 4. HP: 33/33 MP: 5/7
  1942 | D:2      | You pick up a book of Chaos and begin reading...
  1942 | D:2      | You add the spells Conjure Ball Lightning, Disjunction and
                  | Discord to your library.
  2352 | D:3      | Noticed a black bear
  2360 | D:3      | Killed a black bear
  2361 | D:3      | Reached skill level 7 in Summonings
  2361 | D:3      | Reached XP level 5. HP: 38/38 MP: 2/8
  2421 | D:3      | Found Ykypuu's Assorted Antiques.
  2430 | D:3      | Found a faded altar of an unknown god.
  2615 | D:3      | Identified the +1 dagger "Piddeice" {venom, rC++}
  3436 | D:3      | Bought a scroll labelled SIZOUGO PYTI for 24 gold pieces
  3437 | D:3      | Bought a dark potion for 21 gold pieces
  3437 | D:3      | Bought a pink potion for 21 gold pieces
  3438 | D:3      | Bought 2 dark potions for 43 gold pieces
  3535 | D:4      | Reached skill level 3 in Fighting
  3535 | D:4      | Reached skill level 3 in Dodging
  3535 | D:4      | Reached XP level 6. HP: 47/47 MP: 3/9
  3667 | D:4      | Learned a level 3 spell: Summon Guardian Golem
  3763 | D:4      | Noticed Blork the orc
  3822 | D:4      | Killed Blork the orc
  3823 | D:4      | Reached skill level 1 in Hexes
  4141 | D:4      | Noticed Ijyb
  4164 | D:4      | Killed Ijyb
  4165 | D:4      | Reached skill level 4 in Fighting
  4165 | D:4      | Reached skill level 2 in Hexes
  4285 | D:4      | Found a shimmering altar of Xom.
  4288 | D:4      | Reached XP level 7. HP: 54/54 MP: 3/10
  4472 | D:4      | Reached skill level 4 in Dodging
  4505 | D:4      | Reached skill level 3 in Hexes
  4665 | D:5      | Entered Level 5 of the Dungeon
  4803 | D:5      | Reached skill level 1 in Evocations
  5057 | D:5      | Reached skill level 2 in Evocations
  5129 | D:5      | Reached skill level 8 in Summonings
  5129 | D:5      | Reached skill level 3 in Spellcasting
  5263 | D:5      | Found a staircase to the Ecumenical Temple.
  5281 | Temple   | Entered the Ecumenical Temple
  5297 | Temple   | Became a worshipper of Hepliaklqana the Forgotten
  5495 | D:5      | Found Numen's Antique Armour Boutique.
  5508 | D:5      | Reached XP level 8. HP: 61/61 MP: 4/12
  5677 | D:5      | Found a hide-covered altar of Uskayaw.
  5969 | D:5      | Reached skill level 5 in Fighting
  6159 | D:5      | Reached skill level 5 in Dodging
  6274 | D:5      | Found a bloodstained altar of Trog.
  6639 | D:6      | Found a glowing golden altar of the Shining One.
  7124 | D:6      | Reached * piety under Hepliaklqana
  7294 | D:6      | Reached skill level 6 in Fighting
  7294 | D:6      | Reached skill level 6 in Dodging
  7294 | D:6      | Reached skill level 1 in Armour
  7504 | D:6      | Reached skill level 2 in Armour
  7521 | D:6      | Reached skill level 3 in Armour
  7530 | D:6      | Reached skill level 3 in Evocations
  7604 | D:6      | Reached skill level 3 in Stealth
  7604 | D:6      | Reached XP level 9. HP: 62/62 MP: 4/13
  7705 | D:6      | Reached skill level 4 in Evocations
  7789 | D:6      | Reached skill level 4 in Stealth
  7799 | D:6      | Noticed a two-headed ogre
  7988 | D:6      | Reached skill level 4 in Spellcasting
  8117 | D:6      | Killed a two-headed ogre
  8118 | D:6      | Reached skill level 10 in Summonings
  8118 | D:6      | Reached skill level 2 in Air Magic
  8189 | D:6      | Learned a level 4 spell: Summon Lightning Spire
  8333 | D:6      | Reached skill level 3 in Air Magic
  8571 | D:7      | Found a white marble altar of Elyvilon.
  8597 | D:7      | Reached skill level 4 in Air Magic
  8664 | D:7      | Found a flagged portal.
  8684 | Bailey   | Entered a bailey
  9003 | Bailey   | Noticed an orc knight
  9003 | Bailey   | Noticed an orc knight
  9030 | Bailey   | Reached XP level 10. HP: 39/69 MP: 4/16
  9035 | Bailey   | Reached skill level 7 in Fighting
  9059 | Bailey   | Reached skill level 7 in Dodging
  9177 | Bailey   | Killed an orc knight
  9295 | Bailey   | Killed an orc knight
  9296 | Bailey   | Reached skill level 8 in Fighting
  9296 | Bailey   | Reached skill level 8 in Dodging
  9475 | Bailey   | Identified the +0 tower shield "Eklig" {rN+ Regen+ Stlth-}
  9689 | D:7      | Reached skill level 5 in Spellcasting
  9788 | D:7      | Noticed Prince Ribbit
  9797 | D:7      | Killed Prince Ribbit
 10021 | D:7      | You pick up a book of Spectacle and begin reading...
 10021 | D:7      | You add the spells Dazzling Flash, Starburst and Maxwell's
                  | Capacitive Coupling to your library.
 10047 | D:7      | Found Judaw's Distillery.
 10058 | D:7      | Reached skill level 6 in Spellcasting
 10104 | D:7      | Bought a potion of heal wounds for 70 gold pieces
 10199 | D:7      | You add the spells Ozocubu's Armour and Ozocubu's
                  | Refrigeration to your library.
 10387 | D:7      | Reached ** piety under Hepliaklqana
 10388 | D:7      | Remembered your ancestor Tenoch as a battlemage
 10722 | D:8      | Noticed a two-headed ogre
 10746 | D:8      | Killed a two-headed ogre
 10747 | D:8      | Reached skill level 9 in Fighting
 10767 | D:8      | Found Agrao's Armour Emporium.
 10897 | D:8      | Noticed a two-headed ogre
 10905 | D:8      | Killed a two-headed ogre
 10906 | D:8      | Reached skill level 9 in Dodging
 10906 | D:8      | Reached XP level 11. HP: 80/80 MP: 18/20
 10927 | D:8      | Found an opulent altar of Gozag.
 11049 | D:8      | Found an iron altar of Okawaru.
 11407 | D:8      | Found a stormy altar of Qazlal.
 11545 | D:9      | Noticed Joseph
 11556 | D:9      | Killed Joseph
 11557 | D:9      | Reached skill level 10 in Fighting
 11616 | D:9      | Reached *** piety under Hepliaklqana
 11798 | D:9      | Noticed Erolcha
 11830 | D:9      | Killed Erolcha
 11831 | D:9      | Reached skill level 10 in Dodging
 11831 | D:9      | Reached skill level 2 in Shields
 12148 | D:9      | Reached skill level 3 in Shields
 12207 | D:9      | Noticed Harold
 12224 | D:9      | Killed Harold
 12225 | D:9      | Reached skill level 4 in Shields
 12313 | D:9      | Reached skill level 5 in Shields
 12753 | D:1      | Bought a +6 ring of intelligence for 360 gold pieces
 12926 | D:9      | Noticed an orc knight
 12937 | D:9      | Killed an orc knight
 12938 | D:9      | Reached skill level 6 in Shields
 12940 | D:9      | Noticed an orc knight
 12958 | D:9      | Killed an orc knight
 12961 | D:9      | Reached skill level 7 in Shields
 13168 | D:10     | Entered Level 10 of the Dungeon
 13313 | D:10     | Reached skill level 8 in Shields
 13353 | D:10     | Noticed Maurice
 13358 | D:10     | Killed Maurice
 13359 | D:10     | Reached skill level 1 in Invocations
 13629 | D:10     | Found a glowing silver altar of Zin.
 13645 | D:10     | Reached skill level 2 in Invocations
 13645 | D:10     | Reached XP level 12. HP: 87/87 MP: 21/21
 13659 | D:10     | Noticed Lodul
 13673 | D:10     | Killed Lodul
 13674 | D:10     | Reached skill level 3 in Invocations
 13691 | D:10     | Reached skill level 11 in Summonings
 13811 | D:10     | Reached skill level 4 in Invocations
 13815 | D:10     | Noticed Grum
 13820 | D:10     | Killed Grum
 14271 | D:10     | Reached **** piety under Hepliaklqana
 14590 | D:11     | Noticed a death yak
 15000 | D:11     | Reached skill level 5 in Invocations
 15012 | D:11     | Reached skill level 12 in Summonings
 15097 | D:11     | You add the spells Tukima's Dance, Passage of Golubria and
                  | Yara's Violent Unravelling to your library.
 15341 | D:11     | Noticed a death yak
 15349 | D:11     | Noticed a death yak
 15358 | D:11     | Killed a death yak
 15359 | D:11     | Reached skill level 6 in Invocations
 15361 | D:11     | Killed a death yak
 15362 | D:11     | Reached skill level 5 in Evocations
 15363 | D:11     | Killed a death yak
 15367 | D:11     | Reached skill level 6 in Evocations
 15456 | D:11     | Found a staircase to the Lair.
 15570 | Lair:1   | Entered Level 1 of the Lair of Beasts
 15679 | Lair:1   | Noticed a seven-headed hydra
 15704 | Lair:1   | Killed a seven-headed hydra
 15705 | Lair:1   | Gained mutation: You can hop long distances. [Barachi
                  | growth]
 15705 | Lair:1   | Reached XP level 13. HP: 84/94 MP: 7/22
 16006 | Lair:1   | Reached skill level 11 in Fighting
 16030 | Lair:1   | Reached skill level 11 in Dodging
 16247 | Lair:1   | Found a runed translucent door.
 16394 | Lair:1   | Noticed a minotaur
 16405 | Lair:1   | Killed a minotaur
 16839 | D:3      | Bought a scorched long sword for 204 gold pieces
 16839 | D:3      | Identified the +6 long sword of Corruption {vamp, +Blink}
                  | (You bought it in a shop on level 3 of the Dungeon)
 16947 | D:5      | Bought a fading leather armour for 182 gold pieces
 16947 | D:5      | Identified the +0 leather armour "Kaucatot" {Fly} (You
                  | bought it in a shop on level 5 of the Dungeon)
 16948 | D:5      | Bought a pair of runed gloves for 195 gold pieces
 17151 | Lair:2   | Reached skill level 1 in Long Blades
 17256 | Lair:2   | Found a staircase to the Swamp.
 17258 | Lair:2   | Found a hole to the Spider Nest.
 17346 | Lair:2   | Reached skill level 2 in Long Blades
 17562 | Lair:2   | Reached skill level 3 in Long Blades
 17563 | Lair:2   | Identified the +12 rapier of Vodka {holy, *Rage Fly Int+4
                  | SInv}
 17747 | Lair:2   | Identified the +1 leather armour of Hadjma {Regen+ Str-3
                  | Int-3 Stlth+}
 17768 | Lair:2   | Reached skill level 12 in Fighting
 17768 | Lair:2   | Reached skill level 1 in Short Blades
 17884 | Lair:2   | Reached skill level 2 in Short Blades
 18232 | Lair:2   | magus.rc [v1.9.6]
 18323 | Lair:3   | Reached skill level 3 in Short Blades
 18323 | Lair:3   | Reached skill level 12 in Dodging
 18343 | Lair:3   | Reached ***** piety under Hepliaklqana
 18386 | Lair:3   | Reached skill level 4 in Short Blades
 18679 | Lair:3   | Reached skill level 5 in Short Blades
 18873 | Lair:3   | Reached skill level 6 in Short Blades
 19158 | Lair:4   | Reached skill level 7 in Short Blades
 19332 | Lair:4   | Reached skill level 8 in Short Blades
 19338 | Lair:4   | Reached XP level 14. HP: 103/103 MP: 17/23
 19343 | Lair:4   | Reached skill level 9 in Short Blades
 19925 | Lair:5   | Entered Level 5 of the Lair of Beasts
 20194 | Lair:5   | Noticed Kirke
 20206 | Lair:5   | Killed Kirke
 20207 | Lair:5   | Reached skill level 13 in Fighting
 20222 | Lair:5   | Identified the +3 leather armour "Oguq" {+Blink rC+}
 20254 | Lair:5   | Found a staircase to the Slime Pits.
 20315 | Lair:5   | Reached skill level 7 in Spellcasting
 20817 | Lair:5   | Reached skill level 8 in Spellcasting
 20828 | Lair:5   | HP: 15/107 [white ugly thing (17)]
 21285 | Lair:5   | Reached skill level 14 in Fighting
 21662 | Lair:5   | Found a corrupted altar of Lugonu.
 21662 | Lair:5   | Found a one-way gate to the infinite horrors of the Abyss.
 21669 | Lair:5   | You pick up a book of Chaos and begin reading...
 21899 | D:12     | Reached skill level 13 in Dodging
 22090 | D:12     | You pick up a book of Alchemy and begin reading...
 22090 | D:12     | You add the spells Sublimation of Blood, Petrify and
                  | Irradiate to your library.
 22144 | D:12     | Found a runed translucent gate.
 22144 | D:12     | Found a runed translucent gate.
 22144 | D:12     | Found a runed translucent gate.
 22148 | D:12     | Noticed Vewepuj's ghost (journeyman TrMo)
 22149 | D:12     | Found a staircase to the Orcish Mines.
 22180 | D:12     | You pick up a book of Winter and begin reading...
 22180 | D:12     | You add the spells Metabolic Englaciation and Simulacrum to
                  | your library.
 22441 | D:12     | Killed Vewepuj's ghost
 22498 | Orc:1    | Entered Level 1 of the Orcish Mines
 22640 | Orc:1    | Found Taxuj's Antique Weapon Boutique.
 22717 | Orc:2    | Entered Level 2 of the Orcish Mines
 22848 | Orc:2    | Reached XP level 15. HP: 113/113 MP: 27/27
 22898 | Orc:2    | Reached skill level 14 in Dodging
 23302 | Orc:1    | Reached skill level 10 in Short Blades
 23454 | Orc:1    | Learned a level 5 spell: Irradiate
 23646 | Orc:2    | Reached skill level 1 in Conjurations
 23646 | Orc:2    | Reached skill level 1 in Transmutations
 23703 | Orc:2    | Found Dyraiwn's Magic Scroll Shop.
 23707 | Orc:2    | Bought a scroll of blinking for 105 gold pieces
 23713 | Orc:2    | Found Kalefrau's Antique Armour Boutique.
 23717 | Orc:2    | Reached skill level 2 in Conjurations
 23717 | Orc:2    | Reached skill level 2 in Transmutations
 23946 | Orc:2    | Reached skill level 3 in Conjurations
 23946 | Orc:2    | Reached skill level 3 in Transmutations
 24301 | Orc:2    | Reached ****** piety under Hepliaklqana
 24433 | Orc:2    | Reached skill level 4 in Conjurations
 24433 | Orc:2    | Reached skill level 4 in Transmutations
 24508 | Orc:2    | Noticed an orc warlord
 24521 | Orc:2    | Killed an orc warlord
 24838 | Orc:2    | Found a staircase to the Elven Halls.
 24996 | Orc:2    | Identified the +4 glaive "Ape Oph" {distort, rPois}
 25104 | Orc:2    | Noticed an orc warlord
 25115 | Orc:2    | Killed an orc warlord
 25116 | Orc:2    | Reached skill level 5 in Conjurations
 25116 | Orc:2    | Reached skill level 5 in Transmutations
 25359 | Orc:2    | Found Zeuracea's Magic Scroll Shoppe.
 25368 | Orc:2    | Bought a scroll of teleportation for 51 gold pieces
 25368 | Orc:2    | Bought a scroll of identify for 34 gold pieces
 25387 | Orc:2    | Found Fyduggoini's Book Shop.
 25662 | Orc:2    | Bought a Trismegistus Codex for 416 gold pieces
 25662 | Orc:2    | You add the spells Cigotuvi's Dreadful Rot, Ignite Poison
                  | and Freezing Cloud to your library.
 26006 | D:13     | Reached skill level 6 in Conjurations
 26006 | D:13     | Reached skill level 6 in Transmutations
 26245 | D:13     | Identified the +11 rapier of Doubt {antimagic, rElec rPois
                  | Dex+7 Stlth-}
 26576 | D:13     | Identified the amulet of the Coward {RegenMP Int+5}
 26604 | D:13     | Learned a level 5 spell: Freezing Cloud
 26614 | D:13     | Noticed Azrael
 26625 | D:13     | Killed Azrael
 26815 | D:13     | Identified the +4 quarterstaff of Past Mistakes {freeze,
                  | *Rage +Blink rN++ Stlth+}
 26833 | D:13     | You pick up a book of Flames and begin reading...
 26833 | D:13     | You add the spells Inner Flame, Sticky Flame and Flame Wave
                  | to your library.
 26974 | D:13     | Reached skill level 1 in Ice Magic
 27145 | D:14     | You pick up a book of the Senses and begin reading...
 27145 | D:14     | You add the spells Agony and Silence to your library.
 27168 | D:14     | Found a frozen archway.
 27179 | D:14     | Reached skill level 2 in Ice Magic
 27212 | D:14     | You add the spells Haunt, Borgnjor's Revivification and
                  | Death's Door to your library.
 27234 | IceCv    | Entered an ice cave
 27244 | IceCv    | Reached skill level 7 in Transmutations
 27245 | IceCv    | Reached skill level 7 in Conjurations
 27278 | IceCv    | Reached skill level 9 in Spellcasting
 27278 | IceCv    | Reached XP level 16. HP: 110/119 MP: 23/29
 27284 | IceCv    | Reached skill level 3 in Ice Magic
 27284 | IceCv    | Reached skill level 5 in Air Magic
 27438 | IceCv    | Reached skill level 4 in Ice Magic
 27609 | IceCv    | Reached skill level 6 in Air Magic
 27843 | IceCv    | Reached skill level 5 in Ice Magic
 27962 | IceCv    | Identified a +1 crystal plate armour of cold resistance
 28032 | IceCv    | Reached skill level 10 in Spellcasting
 28523 | D:14     | Reached skill level 6 in Ice Magic
 28660 | D:14     | Found Emorphu's Pet Rocks.
 28679 | D:14     | Reached skill level 7 in Air Magic
 28914 | D:14     | Reached skill level 7 in Ice Magic
 29075 | D:14     | Found a gate to the Vaults.
 29194 | D:14     | Bought a tin of tremorstones (2/2) for 640 gold pieces
 29241 | D:14     | Found a runed translucent gate.
 29242 | D:14     | Found a runed translucent gate.
 29243 | D:14     | Found a runed translucent gate.
 29245 | D:14     | Identified the +1 plate armour of Zoxe Bim {rC++ Will-
                  | Dex+4}
 29245 | D:14     | Noticed Poavur's ghost (journeyman FoFi)
 29279 | D:14     | Reached skill level 8 in Air Magic
 29295 | D:14     | Killed Poavur's ghost
 29340 | D:14     | Reached skill level 8 in Ice Magic
 29526 | Orc:2    | Bought a scroll of enchant armour for 105 gold pieces
 29846 | D:5      | Bought a glowing chain mail for 195 gold pieces
 30017 | D:15     | Entered Level 15 of the Dungeon
 30269 | D:15     | Identified the blade talisman of Ilud {rPois rCorr Stlth+}
 30645 | D:15     | Reached skill level 9 in Ice Magic
 30730 | D:15     | Found a staircase to the Depths.
 30981 | D:15     | Found a runed translucent gate.
 30981 | D:15     | Found an opulent altar of Gozag.
 30982 | D:15     | Found Ugeicwiu's Vocational Training.
 30983 | D:15     | Found a runed translucent gate.
 30984 | D:15     | Found a runed translucent gate.
 30986 | D:15     | Noticed Icragani's ghost (journeyman TrCA)
 30988 | D:15     | You pick up a book of Spatial Translocations and begin
                  | reading...
 30988 | D:15     | You add the spells Blink, Momentum Strike and Lesser
                  | Beckoning to your library.
 31019 | D:15     | Killed Icragani's ghost
 31022 | D:15     | Reached skill level 10 in Ice Magic
 31224 | D:15     | Reached XP level 17. HP: 125/125 MP: 31/31
 31267 | D:15     | Learned a level 7 spell: Ozocubu's Refrigeration
 31278 | D:15     | magus.rc [v1.9.6]
 31280 | D:15     | magus.rc [v1.9.6]
 31452 | Swamp:1  | Entered Level 1 of the Swamp
 31707 | Swamp:1  | Reached skill level 11 in Ice Magic
 31746 | Swamp:1  | Found a corrupted altar of Lugonu.
 32259 | Swamp:2  | Noticed a tentacled monstrosity
 32271 | Swamp:2  | Killed a tentacled monstrosity
 32272 | Swamp:2  | Reached skill level 12 in Ice Magic
 32314 | Swamp:2  | You pick up a book of Decay and begin reading...
 32314 | Swamp:2  | You add the spells Dispel Undead and Death Channel to your
                  | library.
 32562 | Orc:2    | Bought a scroll of identify for 28 gold pieces
 33019 | Swamp:2  | You pick up a book of Touch and begin reading...
 33019 | Swamp:2  | You add the spells Kiss of Death and Confusing Touch to
                  | your library.
 33168 | Swamp:2  | Found a transporter.
 33203 | Swamp:2  | Found a transporter.
 33249 | Swamp:2  | Noticed Tenar's ghost (adept DgHu)
 33585 | Orc:1    | Bought an iridescent long sword for 289 gold pieces
 33585 | Orc:1    | Identified the +5 long sword of Instant Death {drain,
                  | +Blink rCorr SInv} (You bought it in a shop on level 1 of
                  | the Orcish Mines)
 33708 | Swamp:3  | Reached skill level 13 in Ice Magic
 34161 | Swamp:3  | Identified a +2 crystal plate armour
 34161 | Swamp:3  | Noticed Donald
 34180 | Swamp:2  | Learned a level 5 spell: Yara's Violent Unravelling
 34278 | Swamp:3  | Killed Donald
 34279 | Swamp:3  | Reached skill level 4 in Armour
 34405 | Swamp:3  | Reached skill level 5 in Armour
 34405 | Swamp:3  | Reached skill level 14 in Ice Magic
 34504 | Swamp:3  | a +0 kite shield; a +2 crystal plate armour {rare=g}; a +3
                  | double sword of electrocution {long}
 34504 | Swamp:3  | a +0 kite shield; a +2 crystal plate armour {rare=g}; a +3
                  | double sword of electrocution {long}
 34532 | Swamp:3  | Noticed Nikola
 34552 | Swamp:3  | Killed Nikola
 34723 | Swamp:3  | a +0 kite shield; a +2 crystal plate armour {rare}; a +3
                  | double sword of electrocution {long}
 34816 | Swamp:4  | Entered Level 4 of the Swamp
 34932 | Swamp:4  | Reached skill level 6 in Armour
 35261 | Swamp:4  | Reached skill level 7 in Armour
 35511 | Swamp:4  | Got a decaying rune of Zot
 35577 | Swamp:4  | Reached skill level 15 in Ice Magic
 35686 | Swamp:4  | Reached skill level 8 in Armour
 35786 | Swamp:4  | Reached XP level 18. HP: 131/131 MP: 15/32
 36522 | Spider:1 | Entered Level 1 of the Spider Nest
 36525 | Spider:1 | Reached skill level 16 in Ice Magic
 36547 | Spider:1 | Noticed Mlioglotl
 36654 | Spider:1 | Killed Mlioglotl
 37222 | Spider:1 | Reached skill level 17 in Ice Magic
 37525 | Spider:1 | Identified the amulet "Laoveumo" {Faith Contam Harm Fly
                  | rC+++}
 37708 | Spider:1 | Noticed Jorgrun
 37728 | Spider:1 | Killed Jorgrun
 38391 | Spider:2 | Reached skill level 18 in Ice Magic
 38918 | Spider:2 | You pick up a book of Displacement and begin reading...
 38918 | Spider:2 | You add the spells Gell's Gravitas and Teleport Other to
                  | your library.
 39491 | Spider:3 | Reached skill level 11 in Spellcasting
 40657 | Spider:4 | Entered Level 4 of the Spider Nest
 40659 | Spider:4 | Reached skill level 4 in Hexes
 40701 | Spider:4 | Found a runed translucent gate.
 40701 | Spider:4 | Found a runed translucent gate.
 40701 | Spider:4 | Found a runed translucent gate.
 40701 | Spider:4 | Noticed Xirhei's ghost (adept AtWn)
 40701 | Spider:4 | Noticed Vivoseh's ghost (journeyman DsSh)
 40702 | Spider:4 | Noticed Hun Mipn's ghost (adept DERe)
 40702 | Spider:4 | Noticed Rimnyil's ghost (adept DsBe)
 40795 | Spider:4 | Reached skill level 12 in Spellcasting
 40983 | Spider:4 | Reached skill level 8 in Conjurations
 40983 | Spider:4 | Reached XP level 19. HP: 136/136 MP: 21/35
 40989 | Spider:4 | Reached skill level 5 in Hexes
 41008 | Spider:4 | Reached skill level 9 in Conjurations
 41446 | Spider:4 | Reached skill level 10 in Conjurations
 41815 | Spider:4 | Learned a level 6 spell: Simulacrum
 41855 | Spider:4 | Reached skill level 1 in Necromancy
 41898 | Spider:4 | Reached skill level 2 in Necromancy
 42038 | Spider:4 | Reached skill level 3 in Necromancy
 42412 | Spider:4 | Reached skill level 4 in Necromancy
 42587 | Spider:4 | Identified the +1 pair of boots of Proximity {Regen+ Dex+3}
 42625 | Spider:4 | Reached skill level 5 in Necromancy
 42638 | Spider:4 | Got a gossamer rune of Zot
 42813 | Spider:4 | Learned a level 2 spell: Blink
 43032 | Vaults:1 | Entered Level 1 of the Vaults
 43198 | Orc:2    | Bought a book of Death for 704 gold pieces
 43198 | Orc:2    | You pick up a book of Death and begin reading...
 43198 | Orc:2    | You add the spells Animate Dead and Infestation to your
                  | library.
 43203 | Orc:2    | Learned a level 4 spell: Animate Dead
 43324 | Vaults:1 | Identified the +3 scimitar "Ythuc" {flame, rElec rC++ rCorr
                  | Dex-5}
 43495 | Vaults:1 | Reached skill level 9 in Armour
 43614 | Vaults:1 | Reached skill level 10 in Armour
 43614 | Vaults:1 | Reached skill level 6 in Necromancy
 43643 | Vaults:1 | Reached skill level 11 in Armour
 43874 | Vaults:1 | Reached skill level 12 in Armour
 43900 | Vaults:1 | Reached skill level 13 in Armour
 43912 | Vaults:1 | Reached skill level 14 in Armour
 44155 | Vaults:1 | Reached XP level 20. HP: 144/144 MP: 36/36
 44253 | Vaults:1 | Reached skill level 15 in Armour
 44364 | Vaults:1 | Reached skill level 16 in Armour
 44568 | Vaults:1 | Noticed Saint Roka
 44582 | Vaults:1 | Killed Saint Roka
 44586 | Vaults:1 | Reached skill level 17 in Armour
 45524 | Vaults:2 | Identified the serpent talisman "Eghy" {rElec}
 45524 | Vaults:2 | Noticed Aizul
 45533 | Vaults:2 | Killed Aizul
 45603 | Vaults:2 | Reached skill level 15 in Fighting
 45719 | Vaults:2 | Reached skill level 15 in Dodging
 46109 | Vaults:2 | You are sucked into a shaft and drop 2 floors!
 46111 | Vaults:4 | Noticed Zenata
 46325 | Vaults:3 | Reached skill level 16 in Fighting
 46393 | Vaults:3 | Reached skill level 16 in Dodging
 46456 | Vaults:3 | Found a staircase to the Crypt.
 46663 | Vaults:3 | Reached skill level 7 in Invocations
 46680 | Vaults:3 | Reached skill level 7 in Evocations
 46685 | Vaults:3 | Reached XP level 21. HP: 153/153 MP: 11/37
 47048 | Vaults:2 | Reached skill level 8 in Evocations
 47113 | Vaults:2 | Reached skill level 8 in Invocations
 47440 | Vaults:3 | Reached skill level 18 in Armour
 47524 | Vaults:3 | Reached skill level 9 in Shields
 47778 | Vaults:3 | Identified the +0 mace "Fualaif" {flame, Dex+8}
 47804 | Vaults:3 | Reached skill level 10 in Shields
 47928 | Vaults:3 | Identified the +5 mace of Righteous Anger {spect, rN+}
 47993 | Vaults:3 | Reached skill level 5 in Stealth
 48265 | Vaults:4 | Reached skill level 6 in Stealth
 48550 | Vaults:4 | Reached skill level 7 in Stealth
 48628 | Vaults:4 | +0 shadow dragon scales {rare}; a shadow dragon corpse
 48642 | Vaults:4 | Reached skill level 8 in Stealth
 48738 | Vaults:4 | Identified the ring of Xaniyboara {rPois Int+6}
 48867 | Vaults:4 | Zenata changed into Zenata the great orb of eyes
 48867 | Vaults:4 | Noticed Zenata
 48869 | Vaults:4 | Killed Zenata the great orb of eyes
 49076 | Vaults:4 | Reached skill level 17 in Fighting
 49700 | Vaults:5 | Identified the "Vahumey"
 49700 | WizLab   | Identified the "Narchudid"
 49700 | WizLab   | Identified the "Letio"
 49700 | Elf:1    | Identified the "Nelax"
 49700 | Elf:1    | Entered Level 1 of the Elven Halls
 49901 | Elf:1    | You pick up a book of the Dragon and begin reading...
 49901 | Elf:1    | You add the spells Cause Fear, Fireball and Dragon's Call
                  | to your library.
 50200 | Elf:1    | Identified the +10 falchion of Zouhijav {heavy, Dex+3}
 50207 | Elf:1    | Reached XP level 22. HP: 163/163 MP: 13/38
 50354 | Elf:1    | Found a runed translucent door.
 50360 | Elf:1    | Found a runed translucent door.
 50383 | Elf:1    | Found a runed translucent door.
 50383 | Elf:1    | Found a runed translucent door.
 50384 | Elf:1    | Found a runed translucent door.
 50448 | Elf:1    | Found a runed translucent door.
 50468 | Elf:1    | Paralysed by an air elemental for 1 turns
 50473 | Elf:1    | Reached skill level 18 in Fighting
 50546 | Elf:1    | Identified the +8 scale mail of Okuodepn {Rampage Str+7
                  | Slay+3 Stlth-}
 50909 | Elf:1    | You add the spells Sting, Poisonous Vapours and Olgreb's
                  | Toxic Radiance to your library.
 50918 | Elf:1    | You pick up a book of Storms and begin reading...
 50918 | Elf:1    | You add the spells Static Discharge and Airstrike to your
                  | library.
 51111 | Elf:1    | Learned a level 5 spell: Borgnjor's Vile Clutch
 51295 | Elf:2    | Noticed Louise
 51306 | Elf:2    | Killed Louise
 51319 | Elf:2    | Found a flickering gateway to a bazaar.
 51331 | Bazaar   | Entered a bazaar
 51331 | Bazaar   | Found Yxtitsiph's Book Emporium.
 51331 | Bazaar   | Found Sivonaw's Jewellery Shoppe.
 51331 | Bazaar   | Found Cadghodd's Distillery.
 51331 | Bazaar   | Found Gadycos's Distillery.
 51331 | Bazaar   | Found Oblokuq's Magic Scroll Emporium.
 51356 | Bazaar   | Bought a scroll of acquirement for 676 gold pieces
 51356 | Bazaar   | Acquired 793 gold pieces
 51358 | Bazaar   | Bought a scroll of amnesia for 52 gold pieces
 51372 | Bazaar   | Bought a potion of haste for 100 gold pieces
 51372 | Bazaar   | Bought 2 potions of magic for 160 gold pieces
 51372 | Bazaar   | Bought a potion of invisibility for 80 gold pieces
 51372 | Bazaar   | Bought a potion of invisibility for 80 gold pieces
 51374 | Bazaar   | Bought a scroll of enchant armour for 97 gold pieces
 51496 | Elf:2    | Reached skill level 1 in Earth Magic
 51501 | Elf:2    | Found a runed translucent door.
 51553 | Elf:2    | Found a runed translucent door.
 51701 | Elf:2    | Reached skill level 17 in Dodging
 51702 | Elf:2    | Reached skill level 2 in Earth Magic
 51777 | Elf:2    | Paralysed by an air elemental for 1 turns
 52033 | Elf:3    | Identified the "Duerak"
 52033 | Elf:3    | Identified the of Niqageub
 52033 | Elf:3    | Identified the "Pekin"
 52033 | Elf:3    | Entered Level 3 of the Elven Halls
 52262 | Elf:3    | Reached skill level 3 in Earth Magic
 52380 | Elf:3    | Reached skill level 4 in Earth Magic
 52448 | Elf:3    | Identified the +6 falchion of Vocikicu {venom, rElec Will+}
 52520 | Elf:3    | Identified the +11 arbalest "Hydraslayer" {speed, rPois
                  | Str+3 SInv}
 52521 | Elf:3    | Reached skill level 18 in Dodging
 53051 | Elf:3    | Reached skill level 5 in Earth Magic
 53360 | Elf:3    | You pick up a book of Fire and begin reading...
 53360 | Elf:3    | You add the spells Foxfire and Plasma Beam to your library.
 53364 | Elf:3    | You pick up a book of the Moon and begin reading...
 53366 | Elf:3    | You pick up a book of Unlife and begin reading...
 53385 | Elf:3    | You pick up a book of Flames and begin reading...
 53529 | Elf:3    | You add the spells Stone Arrow, Bombard and Summon Hydra to
                  | your library.
 53552 | Elf:3    | You pick up a book of the Tundra and begin reading...
 53552 | Elf:3    | You add the spells Hailstorm and Summon Ice Beast to your
                  | library.
 53556 | Elf:3    | You add the spells Wereblood, Passwall and Summon Horrible
                  | Things to your library.
 53573 | Elf:3    | Found the +3 pair of mountain boots {steadfast, rC+}
 53597 | Elf:3    | Identified the +1 pair of boots of Suhuq {*Slow rN+ Int+3}
 53603 | Elf:3    | You pick up a book of the Spheres and begin reading...
 53603 | Elf:3    | You add the spells Brom's Barrelling Boulder, Iskenderun's
                  | Battlesphere and Orb of Destruction to your library.
 54150 | Depths:1 | Entered Level 1 of the Depths
 54151 | Depths:1 | magus.rc [v1.9.6]
 54154 | Depths:1 | Reached skill level 6 in Earth Magic
 54210 | Depths:1 | Reached skill level 19 in Dodging
 54494 | Depths:1 | Reached skill level 7 in Earth Magic
 54547 | Depths:1 | Reached XP level 23. HP: 168/171 MP: 13/39
 54716 | Depths:1 | Reached skill level 7 in Necromancy
 54813 | Depths:1 | Found a hide-covered altar of Uskayaw.
 54819 | Depths:1 | Found a one-way gateway to a ziggurat.
 54897 | Depths:1 | You pick up a book of Air and begin reading...
 54897 | Depths:1 | You add the spells Shock and Swiftness to your library.
 54946 | Depths:1 | Found an iron altar of Okawaru.
 54988 | Depths:1 | Found the necklace of Bloodlust {Fury *Rage Will++ Int-3
                  | Slay+6}
 55327 | Depths:1 | You pick up a book of Sloth and begin reading...
 55328 | Depths:1 | Found a gateway to Hell.
 55652 | Depths:2 | Reached skill level 20 in Dodging
 55655 | Depths:2 | Noticed a caustic shrike
 55751 | Depths:1 | Killed a caustic shrike
 55752 | Depths:1 | Reached skill level 8 in Earth Magic
 56020 | Depths:2 | Reached skill level 8 in Necromancy
 56308 | Depths:2 | Noticed Asterion
 56315 | Depths:2 | Killed Asterion
 56847 | Depths:2 | Reached skill level 19 in Fighting
 56896 | Depths:2 | Found a one-way gate leading to the halls of Pandemonium.
 57725 | Depths:3 | Identified the +2 ring mail "Athir" {+Inv rC+ Regen+ Int-5}
 57731 | Depths:3 | You pick up a book of Cantrips and begin reading...
 57731 | Depths:3 | You add the spells Necrotise and Apportation to your
                  | library.
 57825 | Depths:3 | Reached skill level 20 in Fighting
 57963 | Depths:3 | Reached skill level 13 in Spellcasting
 58071 | Depths:3 | Identified the staff of the Enemy {rN+ Stlth+ Necro}
 58181 | Depths:3 | +0 storm dragon scales {rare}; a storm dragon corpse
 58229 | Depths:3 | You pick up a book of Death and begin reading...
 58309 | Depths:3 | +0 storm dragon scales {rare}; a storm dragon skeleton
 58381 | Depths:4 | Entered Level 4 of the Depths
 58392 | Depths:4 | Noticed a juggernaut
 58401 | Depths:4 | Killed a juggernaut
 58491 | Depths:4 | You pick up a book of Displacement and begin reading...
 58540 | Depths:4 | Reached skill level 14 in Spellcasting
 58558 | Depths:4 | Reached XP level 24. HP: 142/185 MP: 41/41
 58632 | Depths:4 | Reached skill level 21 in Fighting
 59031 | Depths:4 | You pick up a book of Weapons and begin reading...
 59472 | Depths:4 | +0 storm dragon scales {rare}; a +0 long sword of holy
                  | wrath {long}
 59495 | Depths:4 | Found a gate to the Realm of Zot.
 59553 | Depths:4 | Found a hazy altar of Hepliaklqana.
 59846 | Vaults:5 | Entered Level 5 of the Vaults
 59869 | Vaults:5 | Reached skill level 22 in Fighting
 59935 | Vaults:5 | Reached skill level 21 in Dodging
 59939 | Vaults:5 | Reached skill level 9 in Invocations
 59945 | Vaults:5 | Gained mutation: Your spells are a little harder to cast,
                  | but a little more powerful. [a shining eye]
 60120 | Vaults:5 | +0 storm dragon scales {rare}; a storm dragon corpse
 60225 | Vaults:5 | +0 storm dragon scales {rare}; a storm dragon corpse
 60275 | Vaults:5 | You pick up a book of Annihilations and begin reading...
 60275 | Vaults:5 | You add the spells Chain Lightning, Fire Storm and Shatter
                  | to your library.
 60314 | Vaults:5 | Identified the ring "Okket" {rPois rF+ Will+ Int-3}
 60316 | Vaults:5 | +0 storm dragon scales {rare}; a storm dragon corpse
 60340 | Vaults:5 | Reached skill level 4 in Long Blades
 60416 | Vaults:5 | Noticed a dread lich
 60423 | Vaults:5 | Killed a dread lich
 60438 | Vaults:5 | Reached skill level 5 in Long Blades
 60469 | Vaults:5 | +0 storm dragon scales {rare}; a storm dragon corpse
 60482 | Vaults:5 | Noticed a dread lich
 60489 | Vaults:5 | Killed a dread lich
 60630 | Vaults:5 | Reached skill level 10 in Invocations
 60693 | Vaults:5 | Identified the ring "Oppin" {+Blink Fly rC- Str+6 Int+3}
 60705 | Vaults:5 | Reached skill level 6 in Long Blades
 60836 | Vaults:5 | Reached XP level 25. HP: 192/194 MP: 22/41
 61410 | Vaults:5 | Identified the +9 rapier of Sejequurr {protect, rElec
                  | Str+4}
 61435 | Vaults:5 | Reached skill level 7 in Long Blades
 61666 | Vaults:5 | Got a silver rune of Zot
 61672 | Vaults:5 | Noticed a dread lich
 61686 | Vaults:5 | Reached skill level 11 in Conjurations
 61691 | Vaults:5 | Killed a dread lich
 61765 | Vaults:5 | Noticed an ancient lich
 61790 | Vaults:5 | Killed an ancient lich
 61827 | Vaults:5 | Identified the +2 lajatang "Nonept" {antimagic, rF+ Str+4}
 61827 | Vaults:5 | Identified the ring of Ciaju {Wiz Str+4}
 62030 | Vaults:5 | Reached skill level 8 in Long Blades
 62639 | Vaults:5 | You pick up a book of Power and begin reading...
 62654 | Vaults:5 | Learned a level 7 spell: Spellforged Servitor
 62674 | Vaults:5 | Noticed an ancient lich
 62683 | Vaults:5 | Killed an ancient lich
 62894 | Vaults:5 | Learned a level 6 spell: Bombard
 63193 | Slime:1  | Entered Level 1 of the Pits of Slime
 63198 | Slime:1  | Reached skill level 15 in Spellcasting
 63703 | Slime:4  | Reached skill level 12 in Conjurations
 63774 | Slime:4  | Reached skill level 13 in Summonings
 64051 | Slime:5  | Identified the "Nouwiq"
 64051 | Slime:5  | Entered Level 5 of the Pits of Slime
 64079 | Slime:5  | Reached skill level 14 in Summonings
 64388 | Slime:5  | Reached skill level 15 in Summonings
 64603 | Slime:5  | Found a viscous altar of Jiyva.
 64604 | Slime:5  | Noticed the Royal Jelly
 64614 | Slime:5  | Killed the Royal Jelly
 64669 | Slime:5  | Identified the staff of Ravage {rElec rPois rF+ rC+ Stlth+
                  | Poison}
 64681 | Slime:5  | Got a slimy rune of Zot
 64682 | Slime:5  | Identified the amulet "Evisu" {RegenMP rC+}
 64685 | Slime:5  | Identified the +1 leather armour of Ugumu {Fly rF- rCorr
                  | Slay-6}
 64692 | Slime:5  | You pick up a book of Power and begin reading...
 64704 | Slime:5  | Identified the ring of the Eye-covered God {Will+ AC+4
                  | Int+2 Dex+2 Stlth-}
 64713 | Slime:5  | You pick up a book of Chaos and begin reading...
 64717 | Slime:5  | Identified the +1 falchion "Giantslayer" {speed, MP+9
                  | Str+3}
 64734 | Slime:5  | You pick up a book of Air and begin reading...
 64736 | Slime:5  | You pick up a book of Annihilations and begin reading...
 64740 | Slime:5  | Identified the +6 long sword of Greed {elec, rElec rC+}
 64755 | Slime:5  | Identified the +4 short sword of Sizxoodd {elec, Stlth+}
 64762 | Slime:5  | Identified the +2 quarterstaff "Yshicwyz" {drain, rF++
                  | rCorr}
 64774 | Slime:5  | You pick up a book of Changes and begin reading...
 64775 | Slime:5  | Identified the amulet of Fetel {Reflect rPois rF+ Int+3
                  | SH+5}
 65158 | Depths:4 | +0 storm dragon scales {rare}; a +0 long sword of holy
                  | wrath {long}
 65184 | Zot:1    | Entered Level 1 of the Realm of Zot
 65193 | Zot:1    | +0 shadow dragon scales {rare}; a shadow dragon corpse
 65240 | Zot:1    | quicksilver dragon scales {rare}; a quicksilver dragon
                  | corpse
 65269 | Zot:1    | Noticed an orb of fire
 65269 | Zot:1    | Lost mutation: Your spells are a little harder to cast, but
                  | a little more powerful. [an orb of fire]
 65280 | Zot:1    | Gained mutation: You are vulnerable to cold. (rC-) [an orb
                  | of fire]
 65282 | Zot:1    | Killed an orb of fire
 65283 | Zot:1    | Reached skill level 16 in Summonings
 65527 | Zot:2    | Reached skill level 13 in Conjurations
 65527 | Zot:2    | Reached XP level 26. HP: 145/203 MP: 2/42
 65883 | Zot:2    | Reached skill level 14 in Conjurations
 66015 | Zot:3    | quicksilver dragon scales {rare}; a quicksilver dragon
                  | corpse
 66208 | Zot:5    | Entered Level 5 of the Realm of Zot
 66240 | Zot:5    | Reached skill level 15 in Conjurations
 66558 | Zot:4    | Found the +4 dragonskin cloak
 66558 | Zot:4    | Noticed Tiamat
 66558 | Zot:4    | Tiamat, Avatar of the Dragonlord comes into view. She is
                  | wielding a +1 glaive of protection and wearing the +4
                  | dragonskin cloak.
 66729 | Zot:3    | a +0 flail {mace}; +0 storm dragon scales {rare}; a storm
                  | dragon skeleton
 66877 | Zot:3    | quicksilver dragon scales {rare}; a storm dragon skeleton;
                  | a quicksilver dragon skeleton
 66904 | Zot:3    | quicksilver dragon scales {rare}; a storm dragon skeleton;
                  | a quicksilver dragon skeleton
 66909 | Zot:3    | a +0 flail {mace}; +0 storm dragon scales {rare}
 66958 | Zot:4    | Reached skill level 16 in Conjurations
 66994 | Zot:4    | Aim: Tiamat, wielding a +1 glaive of protection and wearing
                  | the +4 dragonskin cloak (ally target)
 66998 | Zot:4    | Aim: Tiamat, wielding a +1 glaive of protection and wearing
                  | the +4 dragonskin cloak (lightly wounded, ally target, 100%
                  | to hit)
 66998 | Zot:4    | Aim: Tiamat, wielding a +1 glaive of protection and wearing
                  | the +4 dragonskin cloak (lightly wounded, ally target, 100%
                  | to hit)
 67000 | Zot:4    | Aim: Tiamat, wielding a +1 glaive of protection and wearing
                  | the +4 dragonskin cloak (lightly wounded, catching her
                  | breath, constricted by zombie hands, ally target)
 67000 | Zot:4    | Aim: Tiamat, wielding a +1 glaive of protection and wearing
                  | the +4 dragonskin cloak (lightly wounded, catching her
                  | breath, constricted by zombie hands, ally target)
 67009 | Zot:4    | Aim: Tiamat, wielding a +1 glaive of protection and wearing
                  | the +4 dragonskin cloak (freezing vapour, moderately
                  | wounded, slow, ally target, 100% to hit)
 67011 | Zot:4    | Aim: Tiamat, wielding a +1 glaive of protection and wearing
                  | the +4 dragonskin cloak (freezing vapour, moderately
                  | wounded, slow, constricted by zombie hands, lightly
                  | drained, ally target)
 67011 | Zot:4    | Aim: Tiamat, wielding a +1 glaive of protection and wearing
                  | the +4 dragonskin cloak (freezing vapour, moderately
                  | wounded, slow, constricted by zombie hands, lightly
                  | drained, ally target)
 67014 | Zot:4    | Aim: Tiamat, wielding a +1 glaive of protection and wearing
                  | the +4 dragonskin cloak (freezing vapour, heavily wounded,
                  | slow, constricted by zombie hands, lightly drained, ally
                  | target, 100% to hit)
 67016 | Zot:4    | Aim: Tiamat, wielding a +1 glaive of protection and wearing
                  | the +4 dragonskin cloak (flame, severely wounded, not
                  | watching you, slow, lightly drained, ally target, 100% to
                  | hit)
 67021 | Zot:4    | Aim: Tiamat, wielding a +1 glaive of protection and wearing
                  | the +4 dragonskin cloak (almost dead, not watching you,
                  | slow, constricted by zombie hands, lightly drained, ally
                  | target)
 67023 | Zot:4    | Aim: Tiamat, wielding a +1 glaive of protection and wearing
                  | the +4 dragonskin cloak (almost dead, not watching you,
                  | slow, catching her breath, lightly drained, ally target)
 67026 | Zot:4    | Aim: Tiamat, wielding a +1 glaive of protection and wearing
                  | the +4 dragonskin cloak (almost dead, not watching you,
                  | slow, catching her breath, lightly drained, ally target,
                  | simulacrum, 100% to hit)
 67026 | Zot:4    | Aim: Tiamat, wielding a +1 glaive of protection and wearing
                  | the +4 dragonskin cloak (almost dead, not watching you,
                  | slow, catching her breath, lightly drained, ally target,
                  | simulacrum, 100% to hit)
 67028 | Zot:4    | Aim: Tiamat, wielding a +1 glaive of protection and wearing
                  | the +4 dragonskin cloak (almost dead, not watching you,
                  | slow, catching her breath, constricted by zombie hands,
                  | lightly drained, ally target, simulacrum)
 67030 | Zot:4    | Aim: Tiamat, wielding a +1 glaive of protection and wearing
                  | the +4 dragonskin cloak (almost dead, unaware, slow,
                  | constricted by zombie hands, lightly drained, simulacrum,
                  | hasn't noticed you)
 67030 | Zot:4    | Aim: Tiamat, wielding a +1 glaive of protection and wearing
                  | the +4 dragonskin cloak (almost dead, unaware, slow,
                  | constricted by zombie hands, lightly drained, simulacrum,
                  | hasn't noticed you)
 67030 | Zot:4    | Aim: Tiamat, wielding a +1 glaive of protection and wearing
                  | the +4 dragonskin cloak (almost dead, unaware, slow,
                  | constricted by zombie hands, lightly drained, simulacrum,
                  | hasn't noticed you)
 67039 | Zot:4    | HP: 47/204 [purple draconian/bolt of dispelling energy[a
                  | black draconian knight] (32)]
 67492 | Zot:3    | Reached skill level 23 in Fighting
 68007 | Zot:4    | Aim: Tiamat, wielding a +1 glaive of protection and wearing
                  | the +4 dragonskin cloak (ally target, 100% to hit)
 68007 | Zot:4    | Aim: Tiamat, wielding a +1 glaive of protection and wearing
                  | the +4 dragonskin cloak (ally target, 100% to hit)
 68008 | Zot:4    | Aim: Tiamat, wielding a +1 glaive of protection and wearing
                  | the +4 dragonskin cloak (lightly wounded, ally target, 100%
                  | to hit)
 68008 | Zot:4    | Aim: Tiamat, wielding a +1 glaive of protection and wearing
                  | the +4 dragonskin cloak (lightly wounded, ally target, 100%
                  | to hit)
 68009 | Zot:4    | Aim: Tiamat, wielding a +1 glaive of protection and wearing
                  | the +4 dragonskin cloak (moderately wounded, constricted by
                  | zombie hands, ally target, 100% to hit)
 68009 | Zot:4    | Aim: Tiamat, wielding a +1 glaive of protection and wearing
                  | the +4 dragonskin cloak (moderately wounded, constricted by
                  | zombie hands, ally target, 100% to hit)
 68011 | Zot:4    | Aim: Tiamat, wielding a +1 glaive of protection and wearing
                  | the +4 dragonskin cloak (moderately wounded, ally target,
                  | 76% to hit)
 68011 | Zot:4    | Aim: Tiamat, wielding a +1 glaive of protection and wearing
                  | the +4 dragonskin cloak (moderately wounded, ally target,
                  | 76% to hit)
 68013 | Zot:4    | Aim: Tiamat, wielding a +1 glaive of protection and wearing
                  | the +4 dragonskin cloak (moderately wounded, catching her
                  | breath, ally target, 100% to hit)
 68013 | Zot:4    | Aim: Tiamat, wielding a +1 glaive of protection and wearing
                  | the +4 dragonskin cloak (moderately wounded, catching her
                  | breath, ally target, 100% to hit)
 68016 | Zot:4    | Aim: Tiamat, wielding a +1 glaive of protection and wearing
                  | the +4 dragonskin cloak (severely wounded, not watching
                  | you, constricted by zombie hands, ally target, 100% to hit)
 68016 | Zot:4    | Aim: Tiamat, wielding a +1 glaive of protection and wearing
                  | the +4 dragonskin cloak (severely wounded, not watching
                  | you, constricted by zombie hands, ally target, 100% to hit)
 68017 | Zot:4    | Aim: Tiamat, wielding a +1 glaive of protection and wearing
                  | the +4 dragonskin cloak (almost dead, not watching you,
                  | catching her breath, constricted by zombie hands, ally
                  | target, 100% to hit)
 68017 | Zot:4    | Aim: Tiamat, wielding a +1 glaive of protection and wearing
                  | the +4 dragonskin cloak (almost dead, not watching you,
                  | catching her breath, constricted by zombie hands, ally
                  | target, 100% to hit)
 68017 | Zot:4    | Killed Tiamat
 68677 | Zot:5    | Reached skill level 22 in Dodging
 68803 | Zot:5    | Noticed an ancient lich
 68811 | Zot:5    | Killed an ancient lich
 68828 | Zot:5    | Noticed a Killer Klown
 68832 | Zot:5    | Identified +0 gold dragon scales
 68839 | Zot:5    | Killed a Killer Klown
 68840 | Zot:5    | Reached skill level 24 in Fighting
 68876 | Zot:5    | Noticed an ancient lich
 68887 | Zot:5    | Reached XP level 27. HP: 209/214 MP: 0/42
 68887 | Zot:5    | Killed an ancient lich
 69018 | Zot:5    | Reached skill level 19 in Armour
 69112 | Zot:5    | You pick up a book of the Hunter and begin reading...
 69112 | Zot:5    | You add the spells Sigil of Binding and Leda's Liquefaction
                  | to your library.
 69180 | Zot:5    | Noticed an orb of fire
 69190 | Zot:5    | Killed an orb of fire
 69194 | Zot:5    | Noticed a dread lich
 69420 | Zot:5    | Reached skill level 20 in Armour
 69570 | Zot:5    | Killed a dread lich
 69697 | Zot:5    | Reached skill level 21 in Armour
 69799 | Zot:5    | Got the Orb of Zot
 69843 | Zot:5    | Noticed an electric golem
 69853 | Zot:5    | Noticed an orb of fire
 69882 | Zot:4    | Killed an electric golem
 69938 | Zot:3    | quicksilver dragon scales {rare}; a +0 long sword {long}
 70015 | Depths:4 | +0 storm dragon scales {rare}; a +0 long sword of holy
                  | wrath {long}
 70132 | D:15     | Identified +0 pearl dragon scales
 70132 | D:15     | Noticed a seraph
 70365 | D:4      | Reached skill level 22 in Armour
 70450 | D:$      | Escaped with the Orb!

Vanquished Creatures
  the Royal Jelly (Slime:5)
  A dread lich (Vaults:5)
  An ancient lich (Vaults:5)
  A juggernaut (Depths:4)
  2 Killer Klowns (Zot:5)
  Nikola (Swamp:3)
  Jorgrun (Spider:1)
  A tentacled monstrosity (Depths:2)
  A walking crystal tome (Depths:3)
  6 Orb Guardians
  A lich (Depths:3)
  2 titans (Vaults:5)
  2 deep elf master archers (Elf:3)
  6 acid blobs
  A sphinx (Depths:4)
  2 quicksilver dragons
  5 storm dragons
  7 tengu reavers
  Donald (Swamp:3)
  Aizul (Vaults:2)
  2 rockslimes (Slime:3)
  A shadow dragon (Vaults:4)
  3 azure jellies (Slime:5)
  A draconian monk (Zot:4)
  3 draconian knights
  4 ghost moths
  2 frost giants
  A deep elf sorcerer (Elf:3)
  12 vault wardens
  8 fire giants
  2 emperor scorpions (Spider:4)
  A balrug (Depths:1)
  A draconian scorcher (Zot:4)
  A draconian shifter (Depths:4)
  Louise (Elf:2)
  A broodmother (Spider:3)
  12 very ugly things
  8 quicksilver oozes
  A draconian stormcaller (Zot:2)
  A formless jellyfish (shapeshifter) (D:13)
  4 war gargoyles
  8 ironbound preservers
  The ghost of Poavur the Bludgeoner, a journeyman FoFi of Zin (D:14)
  8 stone giants
  5 ironbound thunderhulks
  A draconian annihilator (Zot:2)
  4 eleionomae
  A formless jellyfish (Vaults:2)
  A rockslime zombie (Slime:5)
  12 deep elf demonologists
  3 green draconians
  4 deep elf annihilators (Elf:3)
  6 black draconians
  A bunyip (Swamp:3)
  A white draconian (Zot:4)
  6 dire elephants
  7 spark wasps
  5 purple draconians
  2 red draconians (Zot:4)
  A minotaur (Lair:1)
  4 yellow draconians
  4 deep elf death magi
  A blizzard demon (Depths:2)
  A quicksilver dragon zombie (Zot:4)
  8 fire dragons
  A jiangshi (Vaults:3)
  3 entropy weavers
  5 ettins
  2 shambling mangroves
  10 yaktaur captains
  20 vault guards
  5 great orbs of eyes
  A spriggan air mage (Depths:3)
  2 deep elf high priests
  2 rakshasas
  An ice dragon (Depths:4)
  10 hydras
  2 ogre magi (Vaults:5)
  A peacekeeper (Vaults:3)
  9 centaur warriors
  3 ghost crabs
  A jorogumo (Spider:2)
  An alligator (Swamp:3)
  5 ironbound frosthearts
  7 boulder beetles
  2 radroaches (Spider:4)
  2 two-headed ogres (Vaults:5)
  An Orb Guardian zombie (Zot:5)
  5 dancing weapons
  8 deep troll shamans
  A hell hog (Depths:1)
  3 tengu warriors
  7 demonic crawlers
  A thrashing horror (Lair:5)
  3 spriggan berserkers
  3 occultists (Depths:1)
  An orc high priest (Orc:2)
  4 deep troll earth magi
  2 hell knights
  2 soul eaters (Depths:1)
  A skyshark (Lair:4)
  A sixfirhy (Depths:2)
  3 iron trolls
  3 sun moths
  10 deep elf knights
  2 goliath frogs
  An ogre zombie (Vaults:2)
  4 pharaoh ants
  A shadow demon (Depths:2)
  7 swamp dragons
  37 deep trolls
  6 orb spiders
  4 spriggan druids
  4 flayed ghosts
  A swamp dragon (shapeshifter) (Vaults:5)
  2 glowing orange brains
  6 arcanists
  7 orc knights
  13 deep elf archers
  22 deep elf pyromancers
  A necromancer (Elf:1)
  3 steelbarb worms
  10 deep elf zephyrmancers
  3 phantasmal warriors
  13 lindwurms
  15 ironbound convokers
  2 harpies (Vaults:2)
  3 shining eyes
  3 orc sorcerers
  32 ugly things
  5 will-o-the-wisps
  2 cyclopes
  A salamander (Swamp:4)
  15 wolf spiders
  2 dire elephant zombies (Vaults:4)
  3 large abominations (Elf:1)
  5 moths of wrath
  3 elephants
  7 smoke demons
  12 vault sentinels
  A gargoyle (D:12)
  5 torpor snails
  11 yaktaurs
  2 cane toads
  5 human zombies
  3 komodo dragons
  An efreet (D:15)
  A tormentor (Depths:2)
  A freezing wraith (D:14)
  3 meliai (Spider:3)
  4 trolls
  18 tarantellas
  A bloated husk (Swamp:4)
  5 polar bears
  3 glass eyes
  2 raiju (Lair:5)
  15 hornets
  8 blink frogs
  3 tyrant leeches
  37 jumping spiders
  3 air elementals
  50 slime creatures
  2 wyverns
  2 water elementals
  6 fire elementals
  10 yaks
  8 culicivoras
  8 spriggans
  2 basilisks
  2 slime creature zombies (Slime:5)
  5 fire bats
  2 golden eyes (Slime:3)
  A steam dragon (D:6)
  A hog (Lair:5)
  27 redbacks
  10 vampire mosquitoes
  A chaos spawn (Lair:5)
  2 deep troll zombies
  15 swamp worms
  A warg (D:14)
  A nameless horror (Bailey)
  3 water moccasins
  21 orc warriors
  9 swamp drakes
  4 ogres
  6 wolves
  A boggart (D:14)
  An elf zombie (Elf:1)
  3 bullfrogs
  An earth elemental (Elf:3)
  7 scorpions
  4 small abominations (Lair:5)
  A wight (D:7)
  2 killer bees (D:9)
  4 electric eels
  2 howler monkeys
  2 hounds
  8 orc priests
  An iguana (D:6)
  2 orc wizards
  2 hell rats (Lair:3)
  3 ufetubi
  4 dart slugs
  30 orcs
  2 bats
  An endoplasm (D:2)
  A giant cockroach (D:2)
  4 hobgoblins
  3 jackals
  8 kobolds
  A quokka (D:4)
  7 ball pythons
  A frilled lizard (D:1)
  2 goblins (D:3)
  2 rats
  A lurking horror (Swamp:1)
1062 creatures vanquished.

Vanquished Creatures (collateral kills)
  Tiamat (Zot:4)
  2 orbs of fire
  3 dread liches
  3 ancient liches
  Saint Roka (Vaults:1)
  6 Killer Klowns (Zot:5)
  A caustic shrike (Depths:1)
  6 golden dragons
  An electric golem (Zot:4)
  12 tentacled monstrosities
  5 liches
  Mlioglotl (Spider:1)
  2 Ice Fiends
  19 Orb Guardians
  A deep elf blademaster (Elf:3)
  A titan (Vaults:5)
  7 quicksilver dragons
  9 death cobs
  2 walking divine tomes
  9 acid blobs
  An ancient champion (Vaults:3)
  A walking frostbound tome (Zot:2)
  8 storm dragons
  Kirke (Lair:5)
  5 tengu reavers
  5 shadow dragons
  3 narguns (Zot:2)
  5 azure jellies
  A draconian monk (Zot:4)
  3 draconian knights
  9 rockslimes (Slime:5)
  A fenstrider witch (Swamp:3)
  7 vault wardens
  The ghost of Icragani the Brawler, a journeyman TrCA of Jiyva (D:15)
  6 frost giants
  A balrug (Depths:4)
  5 fire giants
  4 emperor scorpions
  6 orc warlords
  3 draconian shifters (Zot:5)
  4 ghost moths
  2 draconian scorchers
  12 ironbound preservers
  A draconian stormcaller (Zot:5)
  A reaper (Depths:1)
  A draconian annihilator (Zot:4)
  2 war gargoyles (Vaults:5)
  2 broodmothers (Spider:4)
  5 stone giants
  5 quicksilver oozes (Slime:5)
  A formless jellyfish (Vaults:4)
  12 very ugly things
  6 ironbound thunderhulks
  A deep elf demonologist (Elf:3)
  Azrael (D:13)
  6 dire elephants
  3 spark wasps (Depths:3)
  2 black draconians (Zot:5)
  6 green draconians
  A bunyip (Swamp:3)
  2 eleionomae
  5 yellow draconians
  4 white draconians
  6 red draconians
  A deep elf annihilator (Elf:3)
  7 purple draconians
  4 iron golems
  An eidolon (Vaults:3)
  3 deep elf death magi
  A green death (Zot:3)
  2 ettins
  3 fire dragons
  The ghost of Vewepuj the Brawler, a journeyman TrMo of Ru (D:12)
  2 deep elf high priests
  3 entropy weavers
  6 yaktaur captains
  A great orb of eyes (shapeshifter) (Vaults:5)
  5 hydras
  16 vault guards
  Erolcha (D:9)
  11 ice dragons
  5 great orbs of eyes
  3 peacekeepers
  10 ironbound frosthearts
  A spriggan air mage (Depths:4)
  An ogre mage (Vaults:5)
  2 centaur warriors
  A catoblepas (Lair:5)
  3 radroaches
  14 dancing weapons
  7 deep troll shamans
  6 death yaks
  4 boulder beetles
  4 deep troll earth magi
  9 two-headed ogres
  4 orc high priests
  4 alligators
  A tengu warrior (Depths:3)
  2 vampire magi
  A hell knight (Depths:1)
  A thrashing horror (Lair:5)
  A shock serpent (shapeshifter) (Vaults:5)
  3 demonic crawlers
  3 soul eaters (Depths:1)
  5 deep elf knights
  A hell hog (Zot:4)
  4 sun demons
  A shadow wraith (Vaults:5)
  12 iron trolls
  A sixfirhy (D:4)
  A skyshark (Lair:3)
  A spriggan druid (Swamp:4)
  A sun moth (Spider:1)
  Lodul (D:10)
  A goliath frog (Swamp:1)
  A shadow demon (Zot:2)
  A flayed ghost (Depths:4)
  2 glowing orange brains
  35 deep trolls
  3 orb spiders
  A deep elf archer (Elf:2)
  An ironbound convoker (Vaults:3)
  17 orc knights
  7 deep elf pyromancers
  6 swamp dragons
  4 arcanists
  2 lindwurms (Vaults:1)
  2 phantasmal warriors (Vaults:5)
  A steelbarb worm (Spider:1)
  A lindwurm (shapeshifter) (Lair:5)
  11 wolf spiders
  7 harpies
  5 deep elf zephyrmancers
  23 ugly things
  2 orc sorcerers (Orc:2)
  11 moths of wrath
  A wolf spider (shapeshifter) (Vaults:3)
  2 cyclopes
  2 will-o-the-wisps
  A shining eye (Slime:5)
  2 manticores
  2 elephants
  A toenail golem (Depths:3)
  A moth of wrath (shapeshifter) (Vaults:2)
  34 slime creatures
  Maurice (D:10)
  5 smoke demons
  2 eyes of devastation (Slime:5)
  10 vault sentinels
  A torpor snail (Spider:4)
  4 black mambas
  Joseph (D:9)
  9 cane toads
  2 unseen horrors
  7 rime drakes
  4 kobold demonologists
  3 komodo dragons
  9 yaktaurs
  2 freezing wraiths
  A hellwing (D:1)
  7 polar bears
  A bloated husk (Swamp:4)
  A merfolk (shapeshifter) (Vaults:5)
  Prince Ribbit (D:7)
  6 trolls
  A wind drake (shapeshifter) (Vaults:5)
  6 tarantellas
  7 hornets
  A polar bear (shapeshifter) (D:15)
  A tyrant leech (Swamp:1)
  17 blink frogs
  A glass eye (shapeshifter) (Vaults:5)
  A flying skull (Vaults:3)
  An air elemental (Elf:2)
  9 jumping spiders
  A centaur simulacrum (D:15)
  A water elemental (Depths:3)
  2 culicivoras
  5 spriggans
  38 yaks
  A wyvern (shapeshifter) (Vaults:5)
  3 fire elementals
  3 wyverns
  3 vampires
  3 hogs (Lair:5)
  5 basilisks
  13 redbacks
  2 steam dragons
  Grum (D:10)
  3 vampire mosquitoes
  A large abomination (Lair:5)
  3 swamp worms
  2 deep troll zombies (Depths:4)
  An acid dragon (D:13)
  A warg (Vaults:1)
  5 water moccasins
  A hell hound (D:13)
  A swamp drake (Swamp:4)
  38 orc warriors
  2 black bears
  17 ogres
  3 wolves (D:10)
  2 centaurs
  An elf zombie (Elf:1)
  7 kobold brigands
  8 bullfrogs
  A scorpion (D:6)
  An earth elemental (Elf:1)
  3 wights
  9 killer bees
  2 electric eels
  8 small abominations (Lair:5)
  A howler monkey (D:8)
  5 jellies
  2 hounds
  23 orc priests
  Ijyb (D:4)
  A sleepcap (D:7)
  17 orc wizards
  4 iguanas
  9 hell rats
  5 nameless horrors
  3 gnolls (D:4)
  4 adders
  A shadow imp (D:7)
  3 white imps
  3 worms
  3 dart slugs
  104 orcs
  4 endoplasms
  3 goblins
  4 hobgoblins
  2 jackals (D:5)
  3 quokkas
  A ball python (D:1)
  A bat (D:2)
  2 frilled lizards
  16 kobolds
  4 rats
  A spectral weapon (Depths:2)
1188 creatures vanquished.

Vanquished Creatures (others)
  Asterion (Depths:2)
  A draconian monk (Depths:4)
  A juggernaut zombie (Depths:4)
  A ghost moth (Zot:5)
  An orc warlord (Orc:2)
  A draconian stormcaller (Zot:2)
  A stone giant (D:15)
  A black draconian (Zot:2)
  A white draconian (Depths:4)
  An acid blob zombie (Slime:5)
  4 very ugly thing zombies (Vaults:5)
  2 quicksilver dragon zombies (Zot:4)
  Harold (D:9)
  A vault guard (Vaults:5)
  2 ice dragons (IceCv)
  An ironbound frostheart (IceCv)
  A sphinx zombie (Depths:4)
  2 two-headed ogres
  A death knight (D:14)
  A hydra (Swamp:4)
  A boulder beetle (Lair:5)
  2 death yaks (Lair:4)
  An azure jelly zombie (Slime:5)
  A quicksilver ooze zombie (Slime:5)
  A titan zombie (Vaults:5)
  An orc high priest (Orc:2)
  A storm dragon zombie (Zot:4)
  2 spark wasp zombies (Depths:4)
  An orc knight (Bailey)
  A tengu zombie (Vaults:1)
  2 ugly thing zombies
  3 ugly things
  A stone giant zombie (Vaults:5)
  A frost giant zombie (Depths:2)
  2 elephants (Lair:4)
  A draconian zombie (Zot:4)
  An elf zombie (Elf:1)
  A formless jellyfish zombie (Vaults:4)
  2 dire elephant zombies (Vaults:4)
  A gargoyle (D:14)
  2 green draconian zombies (Zot:4)
  A white draconian zombie (Zot:4)
  5 yaktaur zombies (Vaults:3)
  A yellow draconian zombie (Zot:4)
  A rime drake (IceCv)
  An iron troll zombie (Depths:2)
  3 polar bears (IceCv)
  A bloated husk (Swamp:3)
  2 great orb of eyes zombies
  3 fire dragon zombies
  2 ettin zombies
  An ice dragon zombie (Depths:4)
  A boulder beetle zombie (Vaults:2)
  A spriggan zombie (Depths:2)
  3 yaks
  7 slime creature zombies (Slime:5)
  2 basilisks (Lair:5)
  23 deep troll zombies
  A water moccasin (D:6)
  3 two-headed ogre zombies (Vaults:5)
  6 orc warriors
  A small abomination (Lair:5)
  An ogre (D:10)
  2 ice beasts
  2 sky beasts (D:6)
  4 lindwurm zombies
  A phantom (D:6)
  31 human zombies
  A gnoll sergeant (D:6)
  Blork the orc (D:4)
  A jelly (Lair:5)
  An orc priest (D:4)
  81 battlemagi
  4 orc wizards
  5 ogre zombies (Vaults:5)
  3 ancestors
  4 gnolls (D:5)
  3 orc zombies
  A white imp (D:6)
  An orc (Orc:2)
  10 foxfires
281 creatures vanquished.

Grand Total: 2531 creatures vanquished

Table legend:
 A = Non-vault XP
 B = Vault XP
 C = Vault XP percentage of total XP
 D = Non-vault monster count
 E = Vault monster count
 F = Vault count percentage of total count
                 A         B        C        D         E       F
            +---------+---------+-------+---------+---------+-------
      Total |  657017 |  684604 |  51.0 |    1253 |     999 |  44.4
            +---------+---------+-------+---------+---------+-------
        D:1 |      37 |       0 |   0.0 |      17 |       0 |   0.0
        D:2 |      47 |       0 |   0.0 |      19 |       0 |   0.0
        D:3 |     165 |       0 |   0.0 |      17 |       0 |   0.0
        D:4 |     364 |     126 |  25.7 |      23 |       3 |  11.5
        D:5 |     751 |       0 |   0.0 |      24 |       0 |   0.0
        D:6 |     363 |    2356 |  86.6 |       4 |      20 |  83.3
        D:7 |    1254 |     296 |  19.1 |      25 |       1 |   3.8
        D:8 |    2421 |       0 |   0.0 |      18 |       0 |   0.0
        D:9 |    1324 |    4048 |  75.4 |      26 |      26 |  50.0
       D:10 |    5014 |    2824 |  36.0 |      41 |      15 |  26.8
       D:11 |    2781 |    3055 |  52.3 |      16 |       6 |  27.3
       D:12 |    3628 |    1761 |  32.7 |      12 |       2 |  14.3
       D:13 |    7575 |    1753 |  18.8 |      17 |       5 |  22.7
       D:14 |    5351 |   17394 |  76.5 |      13 |      36 |  73.5
       D:15 |   10934 |    8089 |  42.5 |      16 |       9 |  36.0
     Lair:1 |    3971 |    1688 |  29.8 |      16 |       4 |  20.0
     Lair:2 |    5519 |    1435 |  20.6 |      25 |       4 |  13.8
     Lair:3 |    5881 |       0 |   0.0 |      26 |       0 |   0.0
     Lair:4 |   11898 |       0 |   0.0 |      33 |       0 |   0.0
     Lair:5 |    6776 |   13581 |  66.7 |      19 |      50 |  72.5
    Swamp:1 |    9642 |       0 |   0.0 |      24 |       0 |   0.0
    Swamp:2 |   10064 |       0 |   0.0 |      19 |       0 |   0.0
    Swamp:3 |   17039 |    3805 |  18.3 |      23 |       2 |   8.0
    Swamp:4 |   13351 |   15897 |  54.4 |      31 |      30 |  49.2
   Spider:1 |   19344 |    7355 |  27.5 |      41 |       9 |  18.0
   Spider:2 |    8882 |    3744 |  29.7 |      27 |      16 |  37.2
   Spider:3 |   13148 |    4852 |  27.0 |      29 |       6 |  17.1
   Spider:4 |   24408 |   27598 |  53.1 |      52 |      51 |  49.5
    Slime:1 |    4301 |       0 |   0.0 |       3 |       0 |   0.0
    Slime:2 |    3172 |       0 |   0.0 |       6 |       0 |   0.0
    Slime:3 |    7997 |       0 |   0.0 |       8 |       0 |   0.0
    Slime:4 |   10947 |       0 |   0.0 |      29 |       0 |   0.0
    Slime:5 |   12144 |   26343 |  68.4 |      19 |      23 |  54.8
      Orc:1 |    1429 |     972 |  40.5 |      19 |      10 |  34.5
      Orc:2 |       0 |   23438 | 100.0 |       0 |     142 | 100.0
      Elf:1 |   13706 |   23355 |  63.0 |      24 |      41 |  63.1
      Elf:2 |   12471 |    4472 |  26.4 |      21 |       5 |  19.2
      Elf:3 |   15402 |   27171 |  63.8 |      25 |      25 |  50.0
   Vaults:1 |   24115 |   35912 |  59.8 |      36 |      58 |  61.7
   Vaults:2 |   28240 |   21239 |  42.9 |      41 |      29 |  41.4
   Vaults:3 |   34416 |   30697 |  47.1 |      49 |      38 |  43.7
   Vaults:4 |   23375 |   20378 |  46.6 |      30 |      29 |  49.2
   Vaults:5 |   41074 |  125126 |  75.3 |      52 |     105 |  66.9
   Depths:1 |   32004 |   12863 |  28.7 |      41 |      15 |  26.8
   Depths:2 |   29006 |   10629 |  26.8 |      34 |      11 |  24.4
   Depths:3 |   14339 |   19009 |  57.0 |      24 |      16 |  40.0
   Depths:4 |   49781 |   12040 |  19.5 |      54 |      11 |  16.9
      Zot:1 |   13776 |       0 |   0.0 |       8 |       0 |   0.0
      Zot:2 |    9918 |   21357 |  68.3 |       9 |      20 |  69.0
      Zot:3 |   24641 |    9914 |  28.7 |      19 |       8 |  29.6
      Zot:4 |   29731 |   25428 |  46.1 |      26 |      19 |  42.2
      Zot:5 |   29100 |   87991 |  75.1 |      23 |      40 |  63.5
     Bailey |       0 |    2133 | 100.0 |       0 |      21 | 100.0
      IceCv |       0 |   22480 | 100.0 |       0 |      38 | 100.0
            +---------+---------+-------+---------+---------+-------

Skill      XL: |  1  2  3  4  5  6  7  8  9 10 11 12 13 14 15 16 17 18 19 20 21 22 23 24 25 26 27 |
---------------+----------------------------------------------------------------------------------+-----
Fighting       | 1 2 3 4 6 9 10 12 14 16 17 18 20 22 24 | 24.0
Stealth        | 2 3 4 8 |  8.0
Summonings     | 5 6 7 8 10 12 16 | 16.0
Dodging        | 3 4 6 9 10 12 13 14 16 19 20 21 22 | 22.0
Hexes          | 2 3 4 5 |  5.0
Evocations     | 2 3 4 6 7 8 |  8.0
Spellcasting   | 3 4 6 8 9 10 12 14 15 | 15.0
Armour         | 3 8 14 17 18 22 | 22.0
Air Magic      | 4 8 |  8.6
Shields        | 8 10 | 10.0
Invocations    | 2 6 7 8 10 | 10.0
Long Blades    | 3 6 8 |  8.1
Short Blades   | 8 9 10 | 10.0
Conjurations   | 7 8 10 13 16 | 16.2
Transmutations | 7 |  7.0
Ice Magic      | 2 10 15 18 | 18.8
Necromancy     | 6 8 |  8.0
Earth Magic    | 7 8 |  8.0

Action                     |  1- 3 |  4- 6 |  7- 9 | 10-12 | 13-15 | 16-18 | 19-21 | 22-24 | 25-27 || total
---------------------------+-------+-------+-------+-------+-------+-------+-------+-------+-------++-------
  Melee: Unarmed           |     9 |       |       |       |       |       |       |       |       ||     9
         Mace              |     4 |       |       |       |       |       |       |       |       ||     4
         Trident           |    73 |    20 |       |       |       |       |       |       |       ||    93
         Punch             |     1 |     1 |       |       |       |       |       |       |       ||     2
         Dagger            |       |    23 |    71 |   135 |    20 |       |       |       |       ||   249
         Rapier            |       |       |       |       |   369 |   253 |   331 |    60 |       ||  1013
         Scimitar          |       |       |       |       |       |       |    11 |       |       ||    11
         Falchion          |       |       |       |       |       |       |       |   272 |   104 ||   376
         Long sword        |       |       |       |       |       |       |       |       |    31 ||    31
         Staff             |       |       |       |       |       |       |       |       |    34 ||    34
   Cast: Summon Small Mamm |    19 |    10 |     2 |     2 |     3 |     1 |       |       |       ||    37
         Call Imp          |    19 |    14 |    17 |     5 |     6 |     1 |       |       |       ||    62
         Call Canine Famil |       |    11 |    55 |    38 |    63 |    24 |     5 |       |       ||   196
         Summon Guardian G |       |     2 |    20 |    28 |    38 |    15 |       |       |       ||   103
         Summon Lightning  |       |       |     4 |    53 |    94 |    28 |     5 |       |       ||   184
         Freezing Cloud    |       |       |       |       |       |    48 |    41 |    10 |    15 ||   114
         Ozocubu's Refrige |       |       |       |       |       |   229 |   183 |   294 |   122 ||   828
         Yara's Violent Un |       |       |       |       |       |     8 |     5 |     4 |     3 ||    20
         Simulacrum        |       |       |       |       |       |       |    20 |     2 |     5 ||    27
         Animate Dead      |       |       |       |       |       |       |    15 |     6 |     4 ||    25
         Borgnjor's Vile C |       |       |       |       |       |       |       |    38 |    93 ||   131
         Bombard           |       |       |       |       |       |       |       |       |    16 ||    16
         Spellforged Servi |       |       |       |       |       |       |       |       |    77 ||    77
         Irradiate         |       |       |       |       |       |       |       |       |     2 ||     2
 Invoke: Recall Ancestor   |       |       |     6 |    26 |    18 |    10 |     8 |     9 |    16 ||    93
         Ancestor Life: Ba |       |       |       |     1 |       |       |       |       |       ||     1
         Idealise          |       |       |       |     1 |     2 |     5 |     9 |     7 |    11 ||    35
Ability: Hop               |       |       |     3 |     5 |     3 |     3 |     5 |     3 |     9 ||    31
  Evoke: Wand              |       |       |     7 |    17 |    12 |     4 |    16 |     5 |     8 ||    69
         Phantom mirror    |       |       |       |       |     1 |     3 |     1 |     1 |     2 ||     8
         Tin of tremorston |       |       |       |       |       |     1 |     4 |       |     2 ||     7
         Sack of spiders   |       |       |       |       |       |       |       |       |     2 ||     2
         Lightning rod     |       |       |       |       |       |       |       |       |     9 ||     9
         Phial of floods   |       |       |       |       |       |       |       |       |     1 ||     1
    Use: Scroll            |       |     2 |     6 |     8 |    15 |     7 |     7 |     7 |    12 ||    64
         Potion            |       |       |       |     3 |     1 |     2 |     3 |     5 |    25 ||    39
   Stab: Distracted        |     1 |       |       |     1 |    18 |     2 |    11 |    13 |     8 ||    54
         Sleeping          |     4 |     3 |       |     2 |       |     4 |     1 |       |       ||    14
         Betrayed ally     |       |       |       |       |       |     2 |       |       |       ||     2
         Invisible         |       |       |       |       |       |       |       |       |     2 ||     2
 Armour: Robe              |     3 |       |       |       |       |    46 |    11 |     6 |       ||    66
         Leather armour    |    37 |    23 |    68 |    98 |   114 |    56 |       |       |       ||   396
         Scale mail        |       |       |     7 |       |       |       |       |   264 |   298 ||   569
         Swamp dragon scal |       |       |       |       |       |    39 |   153 |       |       ||   192
  Dodge: Dodged            |    40 |    24 |    78 |   112 |   249 |   206 |   289 |   294 |   322 ||  1614
  Block: Buckler           |       |       |       |    35 |   114 |    90 |   164 |   163 |   186 ||   752

Illustrated notes

Table legend:
 A = Kills in this place as a percentage of kills in the entire game.
 B = Kills by you in this place as a percentage of kills by you in the entire game.
 C = Kills by friends in this place as a percentage of kills by friends in the entire game.
 D = Other kills in this place as a percentage of other kills in the entire game.
 E = Experience gained in this place as a percentage of experience gained in the entire game.
 F = Experience gained in this place divided by the number of levels of this place that you have seen.
                   A       B       C       D       E      F
               +-------+-------+-------+-------+-------+----------------------
         Total | 100.0 | 100.0 | 100.0 | 100.0 | 100.0 | 24229.8
       Dungeon |  18.2 |  11.5 |  22.8 |  46.0 |   6.4 | 5772.6
          Lair |   7.8 |   5.1 |   9.8 |  15.9 |   3.7 | 10149.8
         Swamp |   5.7 |   8.9 |   3.1 |   1.6 |   5.1 | 17449.5
   Spider Nest |  10.2 |  15.7 |   5.8 |   0.0 |   8.1 | 27332.8
    Slime Pits |   3.9 |   4.5 |   3.5 |   0.0 |   4.8 | 12980.8
  Orcish Mines |   7.5 |   4.4 |  10.2 |   9.5 |   1.9 | 12919.5
   Elven Halls |   6.2 |   9.5 |   3.6 |   0.0 |   7.1 | 32192.3
        Vaults |  20.6 |  23.9 |  18.6 |   1.6 |  28.3 | 76914.4
        Depths |   9.4 |  11.8 |   7.5 |   4.8 |  13.6 | 46216.5
           Zot |   7.9 |   3.7 |  11.8 |   4.8 |  19.1 | 51805.8
        Bailey |   0.9 |   0.3 |   1.4 |   3.2 |   0.2 | 2133.0
      Ice Cave |   1.7 |   0.7 |   2.0 |  12.7 |   1.7 | 22480.0
               +-------+-------+-------+-------+-------+----------------------

Table legend: (Time is in decaauts)
 A = Elapsed time spent in this place.
 B = Non-inter-level travel time spent in this place.
 C = Inter-level travel time spent in this place.
 D = Time resting spent in this place.
 E = Time spent auto-exploring this place.
 F = Levels seen in this place.
 G = Mean time per level.
                   A        B        C        D        E       F      G
               +--------+--------+--------+--------+--------+-----+--------+
         Total |  79267 |  70634 |   8633 |  15322 |  37522 |  56 | 1415.5 |
       Dungeon |  24848 |  20396 |   4452 |   4590 |   9979 |  15 | 1656.5 |
        Temple |     34 |     19 |     15 |      0 |      0 |   1 |   34.0 |
          Lair |   7489 |   6675 |    814 |   1077 |   4348 |   5 | 1497.8 |
         Swamp |   4923 |   4606 |    317 |   1257 |   2412 |   4 | 1230.8 |
   Spider Nest |   7175 |   6793 |    382 |   1136 |   4666 |   4 | 1793.8 |
    Slime Pits |   1637 |   1479 |    158 |    530 |    404 |   5 |  327.4 |
  Orcish Mines |   4483 |   3507 |    976 |    788 |   1815 |   2 | 2241.5 |
   Elven Halls |   4737 |   4526 |    211 |    348 |   3283 |   3 | 1579.0 |
        Vaults |  10705 |  10078 |    627 |   1810 |   5795 |   5 | 2141.0 |
        Depths |   5794 |   5320 |    474 |   1004 |   3355 |   4 | 1448.5 |
           Zot |   5101 |   4898 |    203 |   1990 |   1100 |   5 | 1020.2 |
        Bazaar |     70 |     70 |      0 |      0 |     19 |   1 |   70.0 |
        Bailey |    878 |    878 |      0 |    343 |      0 |   1 |  878.0 |
      Ice Cave |   1387 |   1387 |      0 |    445 |    342 |   1 | 1387.0 |
               +--------+--------+--------+--------+--------+-----+--------+

Top non-repeatable levels by time:
   Orc:2: 3375 daAuts
Vaults:5: 3016 daAuts
     D:5: 2370 daAuts
     D:6: 2311 daAuts
    D:15: 2255 daAuts
Spider:1: 2171 daAuts
Spider:4: 2169 daAuts
   Elf:3: 2091 daAuts
Vaults:1: 1978 daAuts
Vaults:4: 1978 daAuts
  Lair:5: 1910 daAuts
Vaults:2: 1882 daAuts
Depths:2: 1859 daAuts
Vaults:3: 1850 daAuts
  Lair:2: 1800 daAuts
